 Dungeon Crawl Stone Soup version 0.30-a0-627-gc11e7ae810 (console) character file.

Game seed: 2857746640213159039

13849167 atomjack the Demonspawn of Death (level 27, 249/249 HPs)
             Began as a Demonspawn Wanderer on Jan 9, 2023.
             Was an Initiate of Gozag.
             Escaped with the Orb
             ... and 15 runes on Jan 12, 2023!
             The game lasted 11:04:59 (116561 turns).

atomjack the Demonspawn of Death (DsWn)           Turns: 116561, Time: 11:05:00

Health: 249/249    AC: 25    Str:  8    XL:     27
Magic:  81/81      EV: 30    Int: 36    God:    Gozag
Gold:   15025      SH: 17    Dex: 20    Spells: 8/80 levels left

rFire   + + +      SeeInvis +    b - +9 staff of Wucad Mu {*channel}
rCold   + + +      Faith    .    h - +3 buckler {AC+3}
rNeg    + + +      Spirit   +    k - +2 leather armour "Loliatz" {rN+ MP+9 Str+2 SInv}
rPois   ∞          Reflect  +    (helmet unavailable)
rElec   +          Harm     +    J - +0 cloak of Omission {Harm Drain rElec}
rCorr   .          Rampage  +    y - +2 pair of gloves {Dex+3}
Will    +++..      Clarity  +    m - +2 pair of boots {rampage}
Stlth   +                        j - amulet "Feanat" {Reflect rPois rF- Str-3 Int+9 SH+5}
HPRegen 0.61/turn                P - ring of the Okapi {rF+++ rC++ MP+9 Str-4 Stlth+}
MPRegen 0.94/turn                N - ring of Hezuec {+Blink rElec MP+9 Int+6 Dex-4}

@: lich-form, studying 9 skills
A: draining attack, torment immunity, no potions, horns 3, molten scales 3, foul
stench 3, augmentation 3, magic shield, magic regeneration, magic link, agile 1,
clarity, fire resistance 1, mutation resistance 1, sense surroundings 1
0: Orb of Zot
}: 15/15 runes: barnacled, slimy, silver, golden, iron, obsidian, icy, bone,
abyssal, demonic, glowing, magical, fiery, dark, gossamer
a: End Transformation, Renounce Religion, Evoke Blink, Potion Petition, Call
Merchant, Bribe Branch


You escaped.
You worshipped Gozag.
Gozag was extremely pleased with you.
You were an undead lich.
You visited 18 branches of the dungeon, and saw 88 of its levels.
You visited Pandemonium 3 times, and saw 19 of its levels.
You visited the Abyss 2 times.
You visited 1 bazaar.
You completed 2 ziggurats, and saw 54 of their levels.
You also visited: Sewer, Gauntlet, Ice Cave, Volcano and Wizlab.

You collected 31824 gold pieces.
You spent 5053 gold pieces at shops.
You paid 11746 gold pieces to Gozag.

Inventory:

Hand Weapons
 b - the +9 staff of Wucad Mu (weapon) {*channel}
   (You found it in a wizard's laboratory)

   It occasionally powers its wielder's spells, but with a chance of causing
   confusion or draining the wielder's intelligence.
   It becomes more likely to activate and less likely to backfire with increased
   Evocations skill.
 c - the +11 Singing Sword {sonic wave}
   (You took it off a frost giant on level 2 of the Depths)

   It radiates damaging sonic waves as it strikes, especially in combat
   involving dangerous or numerous foes.
 d - the +2 Maxwell's thermic engine {flame, freeze}
   (You acquired it on level 26 of a ziggurat)

   It freezes those it strikes, dealing additional cold damage.
   It can also slow down cold-blooded creatures.
   It becomes more effective when it hits something.
   This effect fades over time.
 s - the +8 demon trident "Rift" {distort, reach+}
   (You found it on level 19 of a ziggurat)

   It can reach especially far, and its reaching attacks ignore other creatures
   in the way.
 I - the +8 arbalest of the Crawling Thing {penet, rPois Int+3}
   (You found it on level 7 of Gehenna)

   Int:       It affects your intelligence (+3).
   rPois:     It protects you from poison.
 Q - the +7 lajatang of Order {silver, rMut}
   (You found it on level 14 of a ziggurat)

   It inflicts extra damage upon those it strikes, and deals substantially
   increased damage to chaotic, mutated and magically transformed beings.
   rMut:      It protects you from mutation.
Missiles
 o - 41 silver javelins
Armour
 g - the +2 pair of gloves "Ededdouh" {Str+4}
   (You found it on level 13 of a ziggurat)

   Str:       It affects your strength (+4).
 h - a +3 buckler of protection (worn)
 k - the +2 leather armour "Loliatz" (worn) {rN+ MP+9 Str+2 SInv}
   (You found it on level 15 of a ziggurat)

   Str:       It affects your strength (+2).
   rN:        It protects you from negative energy.
   MP:        It affects your magic capacity (+9).
   SInv:      It lets you see invisible.
 m - a +2 pair of boots of rampaging (worn)
 y - a +2 pair of gloves of dexterity (worn)
 J - the +0 cloak of Omission (worn) {Harm Drain rElec}
   (You found it on level 1 of the Spider Nest)

   rElec:     It insulates you from electricity.
   Drain:     It drains your maximum health when unequipped.
   Harm:      It increases damage dealt and taken.
 S - the +2 pair of gloves of Wasted Space {rF+ Str+3}
   (You found it on level 15 of a ziggurat)

   Str:       It affects your strength (+3).
   rF:        It protects you from fire.
Magical Staves
 a - a staff of conjuration
Jewellery
 j - the amulet "Feanat" (around neck) {Reflect rPois rF- Str-3 Int+9 SH+5}
   (You acquired it in Pandemonium)

   [amulet of reflection]

   It reflects blocked missile attacks.
   Str:       It affects your strength (-3).
   Int:       It affects your intelligence (+9).
   rF:        It makes you vulnerable to fire.
   rPois:     It protects you from poison.
   SH:        It affects your SH (+5).
 r - the ring of the Tortoise {AC+8}
   (You found it on level 27 of a ziggurat)

   [ring of protection]

   AC:        It affects your AC (+8).
 C - the brooch of Shielding {Spirit SH+8}
   (You took it off a balrug on level 7 of Gehenna)

   [amulet of guardian spirit]

   It causes incoming damage to be divided between your reserves of health and
   magic.
   SH:        It affects your SH (+8).
 F - the ring "Nushre" {Fly rF+ rC+ Dex+6 Stlth+}
   (You found it on level 21 of a ziggurat)

   [ring of dexterity]

   Dex:       It affects your dexterity (+6).
   rF:        It protects you from fire.
   rC:        It protects you from cold.
   Fly:       It grants you flight.
   Stlth:     It makes you more stealthy.
 K - the ring "Dunwogu" {Wiz rElec rCorr Str+2 Stlth-}
   (You found it on level 10 of a ziggurat)

   [ring of wizardry]

   It improves your spell success rate.
   Str:       It affects your strength (+2).
   rElec:     It insulates you from electricity.
   rCorr:     It protects you from acid and corrosion.
   Stlth:     It makes you less stealthy.
 N - the ring of Hezuec (right hand) {+Blink rElec MP+9 Int+6 Dex-4}
   (You found it on level 5 of the Vaults)

   [ring of intelligence]

   Int:       It affects your intelligence (+6).
   Dex:       It affects your dexterity (-4).
   rElec:     It insulates you from electricity.
   MP:        It affects your magic capacity (+9).
   +Blink:    It lets you blink.
 P - the ring of the Okapi (left hand) {rF+++ rC++ MP+9 Str-4 Stlth+}
   (You found it on level 11 of a ziggurat)

   [ring of magical power]

   Str:       It affects your strength (-4).
   rF:        It renders you almost immune to fire.
   rC:        It greatly protects you from cold.
   MP:        It affects your magic capacity (+9).
   Stlth:     It makes you more stealthy.
 T - the ring "Dacok" {rC+ rCorr EV+5 Int+3 Dex+4}
   (You found it on level 5 of the Vaults)

   [ring of evasion]

   EV:        It affects your evasion (+5).
   Int:       It affects your intelligence (+3).
   Dex:       It affects your dexterity (+4).
   rC:        It protects you from cold.
   rCorr:     It protects you from acid and corrosion.
 V - the amulet of Yrraddu {rElec Will+++ Regen+ Dex-5 Stlth+}
   (You found it on level 16 of a ziggurat)

   [amulet of regeneration]

   Dex:       It affects your dexterity (-5).
   rElec:     It insulates you from electricity.
   Regen:     It increases your rate of health regeneration.
   Will:      It greatly increases your willpower.
   Stlth:     It makes you more stealthy.
 W - the ring of Mirth {Wiz rF+ rCorr Dex+4 Stlth-}
   (You acquired it on level 3 of the Lair of Beasts)

   [ring of wizardry]

   It improves your spell success rate.
   Dex:       It affects your dexterity (+4).
   rF:        It protects you from fire.
   rCorr:     It protects you from acid and corrosion.
   Stlth:     It makes you less stealthy.
 X - the amulet "Xamex" {Reflect rC+ Regen+ SH+5}
   (You found it in Pandemonium)

   [amulet of reflection]

   It reflects blocked missile attacks.
   rC:        It protects you from cold.
   Regen:     It increases your rate of health regeneration.
   SH:        It affects your SH (+5).
Wands
 v - a wand of digging (8)
Scrolls
 e - 6 scrolls of torment
 i - 72 scrolls of teleportation
 u - 7 scrolls of vulnerability
 w - 15 scrolls of fear
 A - 19 scrolls of poison
 H - 21 scrolls of blinking
 O - 4 scrolls of amnesia
 R - 4 scrolls of summoning
 U - 21 scrolls of immolation
 Z - 49 scrolls of fog
Potions
 f - 17 potions of haste
 l - 7 potions of heal wounds
 n - 32 potions of curing
 p - 6 potions of resistance
 q - 38 potions of mutation
 t - 15 potions of might
 x - 17 potions of attraction
 z - 10 potions of ambrosia
 D - 5 potions of magic
 G - 9 potions of brilliance
 L - 6 potions of cancellation
 M - 13 potions of flight
 Y - 6 potions of invisibility
Miscellaneous
 B - 2 +2 figurines of a ziggurat
 E - a condenser vane


   Skills:
 O Level 27 Fighting
 - Level 6.0(11.7) Short Blades
 - Level 15.5(16.0) Long Blades
 - Level 7.1(7.2) Maces & Flails
 - Level 1.8(4.8) Staves
 - Level 16.0 Throwing
 - Level 0.2 Armour
 O Level 27 Dodging
 - Level 1.0 Stealth
 + Level 15.7 Shields
 O Level 27 Spellcasting
 O Level 27 Conjurations
 - Level 9.0 Hexes
 O Level 27 Necromancy
 - Level 3.4 Translocations
 - Level 10.7 Transmutations
 - Level 21.4 Fire Magic
 - Level 21.9 Ice Magic
 O Level 27 Air Magic
 O Level 27 Evocations


You had 8 spell levels left.
You knew the following spells:

 Your Spells              Type           Power      Damage    Failure   Level
a - Iron Shot             Conj/Erth      72%        9d13      1%          6
b - Chain Lightning       Conj/Air       88%        3d118     1%          9
c - Death's Door          Necr           100%       N/A       1%          9
d - Polar Vortex          Ice            83%        N/A       9%          9
e - Ignition              Fire           82%        3d21      1%          8
i - Irradiate             Conj/Tmut      79%        3d38      0%          5
j - Fire Storm            Conj/Fire      85%        8d22      3%          9
k - Blink                 Tloc           100%       N/A       1%          2
l - Spellforged Servitor  Conj/Summ      72%        N/A       2%          7
N - Necromutation         Tmut/Necr      93%        N/A       1%          8

Your spell library contained the following spells:

 Spells                   Type           Power      Damage    Failure   Level
 Beastly Appendage        Tmut           100%       N/A       0%          1
 Foxfire                  Conj/Fire      100%       2x1d9     0%          1
 Freeze                   Ice            100%       1d10      0%          1
 Kiss of Death            Conj/Necr      100%       2d13      0%          1
 Magic Dart               Conj           100%       1d8       0%          1
 Necrotise                Necr           100%       1d9       0%          1
 Shock                    Conj/Air       100%       1d9       0%          1
 Slow                     Hex            100%       N/A       0%          1
 Cigotuvi's Dreadful Rot  Necr/Pois/Air  100%       N/A       0%          2
 Ensorcelled Hibernation  Hex/Ice        100%       N/A       0%          2
 Momentum Strike          Conj/Tloc      100%       3d10      0%          2
 Poisonous Vapours        Pois/Air       100%       N/A       0%          2
 Scorch                   Fire           100%       2d10      0%          2
 Searing Ray              Conj           100%       2d8       0%          2
 Static Discharge         Conj/Air       100%       2-7/arc   0%          2
 Sublimation of Blood     Necr           100%       N/A       0%          2
 Wereblood                Tmut           100%       N/A       0%          2
 Dazzling Flash           Conj/Hex       100%       N/A       0%          3
 Frozen Ramparts          Ice            100%       1d16      0%          3
 Hailstorm                Conj/Ice       100%       3d20      0%          3
 Inner Flame              Hex/Fire       100%       N/A       0%          3
 Kindle Blastsparks       Fire/Tloc/Air  100%       2d18      0%          3
 Mephitic Cloud           Conj/Pois/Air  100%       N/A       0%          3
 Ozocubu's Armour         Ice            100%       N/A       0%          3
 Stone Arrow              Conj/Erth      100%       3d13      0%          3
 Swiftness                Air            100%       N/A       0%          3
 Vampiric Draining        Necr           100%       2d13      0%          3
 Vhi's Electric Charge    Tloc/Air       100%       N/A       0%          3
 Airstrike                Air            88%        2d(13-29) 0%          4
 Anguish                  Hex/Necr       91%        N/A       0%          4
 Dispel Undead            Necr           100%       3d31      0%          4
 Flame Wave               Conj/Fire      100%       2d21      0%          4
 Fulminant Prism          Conj/Hex       78%        3d31      0%          4
 Ice Form                 Ice/Tmut       100%       N/A       0%          4
 Iskenderun's Mystic Bla  Conj/Tloc      100%       2d19      0%          4
 Sticky Flame             Conj/Fire      100%       2d11      0%          4
 Agony                    Necr           100%       N/A       0%          5
 Arcjolt                  Conj/Air       88%        1d98      0%          5
 Fireball                 Conj/Fire      85%        3d31      0%          5
 Freezing Cloud           Conj/Ice/Air   86%        6-21      0%          5
 Iskenderun's Battlesphe  Conj           100%       2d15      0%          5
 Lightning Bolt           Conj/Air       88%        1d117     0%          5
 Silence                  Hex/Air        78%        N/A       0%          5
 Conjure Ball Lightning   Conj/Air       88%        3x3d33    0%          6
 Death Channel            Necr           100%       N/A       0%          6
 Starburst                Conj/Fire      85%        6d22      0%          6
 Orb of Destruction       Conj           88%        9d19      0%          7
 Apportation              Tloc           100%       N/A       1%          1
 Sandblast                Erth           100%       2d20      1%          1
 Sting                    Tmut/Pois      100%       1d8       1%          1
 Summon Small Mammal      Summ           100%       N/A       1%          1
 Call Imp                 Summ           82%        N/A       1%          2
 Passwall                 Tmut/Erth      94%        N/A       1%          2
 Call Canine Familiar     Summ           82%        N/A       1%          3
 Confusing Touch          Hex            100%       N/A       1%          3
 Gell's Gravitas          Tloc           100%       N/A       1%          3
 Ignite Poison            Fire/Tmut/Pois 100%       N/A       1%          3
 Lesser Beckoning         Tloc           100%       N/A       1%          3
 Portal Projectile        Hex/Tloc       100%       N/A       1%          3
 Spider Form              Tmut/Pois      100%       N/A       1%          3
 Summon Guardian Golem    Hex/Summ       100%       N/A       1%          3
 Teleport Other           Tloc           100%       N/A       1%          3
 Tukima's Dance           Hex            100%       N/A       1%          3
 Cause Fear               Hex            64%        N/A       1%          4
 Leda's Liquefaction      Hex/Erth       54%        N/A       1%          4
 Manifold Assault         Tloc           100%       N/A       1%          4
 Passage of Golubria      Tloc           100%       N/A       1%          4
 Petrify                  Tmut/Erth      100%       N/A       1%          4
 Summon Ice Beast         Ice/Summ       100%       N/A       1%          4
 Summon Lightning Spire   Summ/Air       100%       N/A       1%          4
 Alistair's Intoxication  Tmut/Pois      75%        N/A       1%          5
 Blade Hands              Tmut           67%        N/A       1%          5
 Borgnjor's Vile Clutch   Necr/Erth      85%        N/A       1%          5
 Metabolic Englaciation   Hex/Ice        75%        N/A       1%          5
 Yara's Violent Unravell  Hex/Tmut       66%        3d25      1%          5
 Ozocubu's Refrigeration  Ice            83%        4d25      1%          7
 Storm Form               Tmut/Air       79%        N/A       1%          7
 Borgnjor's Revivificati  Necr           100%       N/A       1%          8
 Infestation              Necr           100%       N/A       1%          8
 Maxwell's Capacitive Co  Air            88%        ∞         1%          8
 Summon Mana Viper        Hex/Summ       100%       N/A       2%          5
 Haunt                    Necr/Summ      85%        N/A       2%          7
 Animate Armour           Summ/Erth      100%       N/A       6%          4
 Olgreb's Toxic Radiance  Pois           82%        N/A       6%          4
 Dragon Form              Tmut           67%        N/A       7%          7
 Summon Forest            Summ/Tloc      47%        N/A       9%          5
 Eringya's Noxious Bog    Tmut/Pois      56%        N/A       11%         6
 Statue Form              Tmut/Erth      75%        N/A       11%         6
 Enfeeble                 Hex            64%        N/A       14%         7
 Lehudib's Crystal Spear  Conj/Erth      72%        10d16     17%         8
 Lee's Rapid Deconstruct  Erth           41%        3d20*     19%         5
 Dispersal                Tloc           51%        N/A       24%         6
 Summon Cactus Giant      Summ           41%        N/A       69%         6
 Discord                  Hex            64%        N/A       71%         8
 Malign Gateway           Summ/Tloc      47%        N/A       95%         7
 Monstrous Menagerie      Summ           41%        N/A       99%         7
 Summon Hydra             Summ           41%        N/A       99%         7
 Disjunction              Tloc           51%        N/A       100%        8
 Summon Horrible Things   Summ           41%        N/A       100%        8
 Dragon's Call            Summ           41%        N/A       100%        9
 Animate Dead             Necr           Unusable   N/A       N/A         4
 Simulacrum               Ice/Necr       Unusable   N/A       N/A         6

Dungeon Overview and Level Annotations

Branches:
Dungeon (15/15)            Temple (1/1) D:4            Lair (5/5) D:10
 Shoals (4/4) Lair:2       Spider (4/4) Lair:2        Slime (5/5) Lair:5
    Orc (2/2) D:11            Elf (3/3) Orc:2        Vaults (5/5) D:14
  Crypt (3/3) Vaults:3       Tomb (3/3) Crypt:3      Depths (4/4) D:15
   Hell (visited)             Dis (7/7) Hell            Geh (7/7) Hell
    Coc (7/7) Hell            Tar (7/7) Hell            Zot (5/5) Depths:4
  Sewer (visited)           IceCv (visited)         Volcano (visited)
 WizLab (visited)         Gauntlet (visited)

Altars:
Ashenzari
Cheibriados
Dithmenos
Fedhas
Gozag
Hepliaklqana
Kikubaaqudgha
Makhleb
Nemelex Xobeh
Okawaru
Qazlal
Ru
Sif Muna
Trog
Uskayaw
Vehumet
Wu Jian
Xom
Yredelemnul

Shops:
D:9 !([=:   D:14 !   Orc:2 !([!   Elf:1 *:*   Shoals:2 [   Vaults:4 ?
Vaults:5 *

Portals:
Hell: Depths:1 Depths:2 Depths:3 Depths:4
Abyss: Depths:3
Pandemonium: Depths:1 Depths:2 Depths:4

Annotations:
D:6 1 runed translucent door, exclusion: door, rossyrg's ghost, novice GnRe
Elf:2 1 runed translucent door


Innate Abilities, Weirdness & Mutations

You are an undead lich.
Your unarmed attacks are suffused with negative energy.
You are immune to unholy pain and torment.
Your necromantic spells are more powerful.
You cannot drink.
You are immune to poison.
You have a pair of large horns on your head.
You are completely covered in molten scales. (AC +4, rF+)
You frequently emit foul miasma when damaged in melee.
Your magical and physical power is greatly enhanced at high health.
When hurt, damage is shared between your health and your magic reserves.
You regenerate magic rapidly.
When low on magic, you restore magic in place of health.
You are agile. (Dex +4, Str/Int -1)
You possess an exceptional clarity of mind.
Your flesh is heat resistant. (rF+)
You are somewhat resistant to further mutation.
You passively map a small area around you.


Message History

There is a stone staircase leading down here.
A smoke demon comes into view.
The smoke demon roars!
The smoke demon gestures at you. The ball of steam hits you. You resist.
The smoke demon moves out of view.
You can't see any susceptible monsters within range! (Use Z to cast anyway.) Unknown command.
Unknown command.
Lightning arcs from your hands!
The bolt of lightning hits the smoke demon!!!!
You kill the smoke demon!
Magical energy flows into your mind!
(D) Dungeon (T) Temple (L) Lair (A) Shoals (N) Spider Nest (M) Slime Pits (O) Orcish Mines (E) Elven Halls (V) Vaults (C) Crypt (W) Tomb (U) Depths (H) Hell (I) Dis (G) Gehenna (X) Cocytus (Y) Tartarus (Z) Zot
Where to? (* - list waypoints, Enter - D:1, ? - help) HP restored.
There is a stone staircase leading up here.
You climb upwards.
There is a stone staircase leading down here.
There is a stone staircase leading up here.
You climb upwards.
There is a stone staircase leading down here.
There is an escape hatch in the ceiling here.
There is a stone staircase leading up here.
You climb upwards.
There is a stone staircase leading down here.
There is a stone staircase leading up here.
You climb upwards.
There is a stone staircase leading down here.
You see here a +0 club.
There is a staircase leading out of the dungeon here.
Casting: Chain Lightning (mildly dangerous; 1% risk of failure)
Confirm with . or Enter, or press ? or * to list all spells.
Your body is suffused with negative energy!
Magical energy flows into your mind!
Unknown command.
You have escaped!

#.....##...####...####...#.#
########....................
#...########.##...#.# #...#
#..#####.# #...# ##.# #..
#...# #.####### #...#
#........ #...# #)######.
#...# #..# ##
#...##########.# #
##.#L.......#..# #
#.#..>#.####'## #
#....####....## #
#######.......# #
###......#..# #
#.......###### #
#.....#####..# #
#.#>#####....# ######
#.#####......# #....#
#####........# ## #....#
##.......##.####.


There were no monsters in sight!

Vanquished Creatures
  Cerebov (Pan)
  Antaeus (Coc:7)
  Asmodeus (Geh:7)
  the Royal Jelly (Slime:5)
  Gloorx Vloq (Pan)
  Ignacio (Pan)
  Ereshkigal (Tar:7)
  Lom Lobon (Pan)
  Mnoleg (Pan)
  the Serpent of Hell (Coc:7)
  11 ancient liches
  Khufu (Crypt:3)
  Dispater (Dis:7)
  10 dread liches
  The ghost of Gyofeun the Axe Maniac, a legendary FoFi of Ru (Zig:14)
  Mennas (Pan)
  8 orbs of fire (Zig:15)
  Mara (Depths:2)
  13 juggernauts
  The ghost of Ahek the Gnoll Blade, a legendary GnTm of Cheibriados (Zig:9)
  The ghost of Ahek the Gnoll Blade, a legendary GnTm of Cheibriados (Zig:14)
  The ghost of Ahek the Gnoll Blade, a legendary GnTm of Cheibriados (Zig:14)
  The ghost of Saonuxt the Cutthroat, a legendary DsFi of Uskayaw (Zig:11)
  The ghost of Saonuxt the Cutthroat, a legendary DsFi of Uskayaw (Zig:14)
  The ghost of Xiorchab the Archmage, a legendary VSFi of Wu Jian (Zig:14)
  The ghost of Poybuibi the Conqueror, a veteran MiMo of Ru (Zig:14)
  35 royal mummies
  The ghost of Gishoal the Imperceptible, a legendary KoBr of Wu Jian (Zig:9)
  The ghost of Gishoal the Imperceptible, a legendary KoBr of Wu Jian (Zig:14)
  Sojobo (Depths:4)
  17 shard shrikes
  The ghost of Ereufydu the Archmage, a legendary VSGl of Wu Jian (Zig:14)
  The ghost of Ihoic the Archmage, a legendary SpEn of Dithmenos (Zig:9)
  8 curse toes
  Margery (Crypt:1)
  2 Killer Klowns (Zot:5)
  48 caustic shrikes
  Geryon (Hell)
  20 golden dragons
  5 profane servitors
  Jory (Vaults:4)
  Nikola (Shoals:2)
  29 bone dragons
  A pearl dragon (Zig:25)
  Jorgrun (Spider:2)
  19 Tzitzimimeh
  A spectral shard shrike (Tar:6)
  8 doom hounds
  24 hellephants
  The ghost of Opifex the Phalangite, an adept DsFi of Cheibriados (Vaults:3)
  32 tentacled monstrosities
  33 iron giants
  23 Brimstone Fiends
  2 electric golems (Zot:5)
  14 tainted leviathans
  19 liches
  11 pandemonium lords
  31 Ice Fiends
  25 Orb Guardians
  Polyphemus (Shoals:2)
  51 Hell Sentinels
  33 deep elf master archers
  21 deep elf blademasters
  Asterion (Elf:3)
  A walking frostbound tome (Depths:3)
  20 titans
  4 quicksilver dragons
  44 searing wretches
  20 acid blobs
  9 death cobs
  Murray (Hell)
  3 krakens
  18 sphinxes
  28 Executioners
  11 storm dragons
  37 ancient champions
  2 thorn hunters
  20 tentacled starspawn
  16 shadow dragons
  The ghost of wpisznazwe the Bludgeoner, an adept MiFi of Hepliaklqana (Elf:1)
  16 draconian knights
  Roxanne (Shoals:1)
  Kirke (Elf:1)
  10 tengu reavers
  20 revenants
  22 narguns
  18 azure jellies
  20 quicksilver elementals
  11 demonspawn warmongers
  12 rockslimes
  A daeva (D:15)
  15 nagarajas
  12 draconian monks
  A fenstrider witch (Zig:18)
  31 fire giants
  14 emperor scorpions
  28 frost giants
  An emperor scorpion (shapeshifter) (Vaults:1)
  11 iron dragons
  13 vault wardens
  14 draconian scorchers
  9 deep elf sorcerers
  13 draconian stormcallers
  A spectral juggernaut (Tar:6)
  61 balrugs
  A juggernaut zombie (Depths:2)
  24 ghost moths
  An angel (Zig:25)
  6 shard shrike simulacra
  17 ghouls
  Louise (Depths:3)
  10 draconian shifters
  A caustic shrike skeleton (Crypt:1)
  12 quicksilver oozes
  8 deep elf elementalists
  23 curse skulls
  The ghost of xsansara the Cleaver, a journeyman OgCA of Ignis (Orc:2)
  7 demonspawn blood saints (Pan)
  3 orc warlords
  21 very ugly things
  36 war gargoyles
  A quicksilver ooze (shapeshifter) (Zig:15)
  15 ironbound preservers
  21 cacodemons
  6 broodmothers
  21 demonspawn corrupters
  36 stone giants
  13 draconian annihilators
  14 reapers
  8 ironbound thunderhulks
  A spriggan defender (Depths:3)
  An ophan (Zig:12)
  18 deep elf demonologists
  6 putrid mouths
  21 elemental wellsprings
  15 vampire knights
  10 black draconians
  Azrael (Elf:2)
  12 lorocyprocas
  13 red draconians
  16 green draconians
  4 bennus (Tomb:2)
  20 deep elf annihilators
  21 wendigos
  11 white draconians
  9 demonspawn black suns
  17 dire elephants
  9 bunyips
  13 spark wasps
  10 purple draconians
  3 orange crystal statues
  9 eleionomae
  16 yellow draconians
  9 merfolk impalers
  30 eidola
  2 crystal guardians
  36 iron golems
  22 ettins
  25 deep elf death magi
  2 spectral quicksilver dragons (Tar:6)
  11 blizzard demons
  17 merfolk javelineers
  26 green deaths
  11 fire dragons
  32 entropy weavers
  18 jiangshi
  A spectral iron giant (Tar:6)
  11 shambling mangroves
  31 mummy priests
  13 yaktaur captains
  A spectral golden dragon (Tar:6)
  8 ice dragons
  22 deep elf high priests
  4 spectral spriggans
  18 great orbs of eyes
  7 rakshasas
  36 salamander tyrants
  A peacekeeper (Vaults:4)
  11 ghost crabs
  9 caustic shrike simulacra
  59 hydras
  3 spriggan air magi
  2 ogre magi (Vaults:5)
  5 radroaches
  34 vault guards
  8 catoblepae
  6 hell beasts
  7 juggernaut simulacra
  3 merfolk avatars
  3 ironbound frosthearts
  9 boulder beetles
  4 death knights
  2 anacondas (Zig:19)
  7 stokers
  2 alligator snapping turtles
  50 dancing weapons
  28 centaur warriors
  5 jorogumos
  16 satyrs
  An anaconda (shapeshifter) (Zig:13)
  4 deep troll shamans
  6 tengu warriors
  9 alligators
  6 two-headed ogres
  4 merfolk aquamancers
  The ghost of lesbian the Geomancer, a journeyman GrEE of Vehumet (Lair:2)
  90 death scarabs
  31 hell hogs
  2 deep troll earth magi
  7 orc high priests
  4 naga warriors
  22 vampire magi
  A spectral naga (Tar:3)
  15 death yaks
  3 spriggan berserkers
  6 shock serpents
  13 naga sharpshooters
  42 deep elf knights
  32 soul eaters
  41 sun demons
  21 thrashing horrors
  Urug (Lair:1)
  Sonja (Lair:1)
  A titan skeleton (Zig:2)
  25 wretched stars
  11 hell knights
  A fire crab (shapeshifter) (D:14)
  A spectral anaconda (Tar:7)
  30 crystal echidnas
  13 death drakes
  5 spatial maelstroms
  20 skeletal warriors
  27 sixfirhies
  A spark wasp zombie (Crypt:2)
  20 pharaoh ants
  22 shadow wraiths
  A storm dragon skeleton (Crypt:3)
  A cherub (Pan)
  5 fire crabs
  7 shadow demons
  48 deep trolls
  2 anaconda zombies
  2 iron trolls
  A death drake (shapeshifter) (D:12)
  3 quicksilver dragon simulacra
  13 sea snakes
  38 orb spiders
  12 bog bodies
  A sun moth (Spider:4)
  10 glowing orange brains
  The ghost of kaisn the Transmogrifier, a novice OpTm of Gozag (D:8)
  A swamp dragon (shapeshifter) (Vaults:2)
  15 spriggan druids
  13 flayed ghosts
  9 goliath frogs
  An iron giant skeleton (Tomb:2)
  A naga ritualist (Zig:19)
  34 deep elf archers
  A lindwurm (shapeshifter) (Zig:25)
  13 steelbarb worms
  6 lindwurms
  A bunyip skeleton (Crypt:1)
  18 phantasmal warriors
  10 wizards
  19 ironbound convokers
  An anaconda skeleton (Crypt:3)
  54 deep elf zephyrmancers
  A kraken simulacrum (Hell)
  20 swamp dragons
  8 orc knights
  3 obsidian statues
  2 fenstrider witch simulacra
  A shadow dragon skeleton (Pan)
  25 harpies
  5 spriggan simulacra
  2 fauns (shapeshifter)
  9 shining eyes
  6 necromancers
  52 large abominations
  33 wolf spiders
  2 iron dragon zombies
  2 mana vipers (shapeshifter)
  66 deep elf pyromancers
  6 orc sorcerers
  38 fauns
  3 oklob plants
  2 mana vipers (Zig:19)
  A tengu skeleton (Crypt:1)
  23 cyclopes
  45 ugly things
  20 manticores
  An eleionoma zombie (Crypt:2)
  7 will-o-the-wisps
  2 salamanders
  4 worldbinders
  48 moths of wrath
  A fire giant skeleton (Crypt:2)
  2 spectral ettins
  11 elephants
  A shock serpent zombie (Crypt:1)
  11 guardian serpents
  2 spectral centaurs
  28 torpor snails
  A guardian serpent (shapeshifter) (Zig:13)
  2 stone giant skeletons
  A black mamba (shapeshifter) (Zig:10)
  38 black mambas
  13 water nymphs
  6 merfolk sirens
  2 centaur zombies
  5 rust devils
  5 eyes of devastation
  A gargoyle (D:11)
  33 cane toads
  13 molten gargoyles
  12 ice statues
  13 orange demons
  A naga skeleton (Abyss:1)
  42 smoke demons
  2 dire elephant skeletons (Crypt:1)
  A torpor snail (shapeshifter) (Vaults:5)
  6 apocalypse crabs
  18 vault sentinels
  4 naga magi (Zig:19)
  Joseph (D:8)
  27 demonic crawlers
  An emperor scorpion simulacrum (Coc:1)
  3 unseen horrors
  3 titan simulacra
  An unseen horror (shapeshifter) (Zig:10)
  A yellow draconian zombie (Crypt:2)
  9 efreet
  2 spriggan zombies
  2 storm dragon simulacra
  40 hellions
  5 freezing wraiths
  61 guardian mummies
  2 bunyip simulacra
  2 rime drakes (shapeshifter)
  5 rime drakes
  A spark wasp simulacrum (Depths:2)
  28 tormentors
  3 anaconda simulacra
  17 komodo dragons
  A yaktaur (shapeshifter) (Elf:1)
  13 ice devils
  28 yaktaurs
  2 silent spectres
  An iron giant simulacrum (Coc:4)
  3 tengu conjurers
  A minotaur skeleton (Crypt:2)
  16 hellwings
  9 red devils
  A spectral harpy (Tar:7)
  A yellow draconian skeleton (Crypt:1)
  11 meliai
  11 trolls
  A polar bear (Zig:27)
  25 ancient zymes
  A mana viper skeleton (Crypt:1)
  11 hornets
  A meliai (shapeshifter) (Zig:13)
  5 tyrant leeches
  10 wind drakes
  28 merfolk
  16 raiju
  A wolf spider simulacrum (D:15)
  2 bloated husks
  2 hydra zombies (Hell)
  A harpy zombie (Crypt:3)
  An iron dragon simulacrum (Coc:1)
  29 tarantellas
  14 dream sheep
  22 blink frogs
  2 harpy skeletons
  An ettin zombie (Crypt:1)
  An alligator zombie (Hell)
  2 slime creatures (shapeshifter) (Vaults:5)
  A frost giant simulacrum (Zig:3)
  80 slime creatures
  A human simulacrum (Coc:1)
  A stone giant simulacrum (Coc:2)
  8 snapping turtles
  35 jumping spiders
  29 flying skulls
  9 air elementals
  17 spriggans
  2 culicivoras (shapeshifter)
  A spriggan (shapeshifter) (Zig:10)
  26 ushabtiu
  5 wraiths
  20 ynoxinuls
  20 culicivoras
  12 wyverns
  3 dire elephant simulacra
  9 small abominations
  39 starcursed masses
  A human (D:14)
  34 water elementals
  20 fire elementals
  52 yaks
  2 hogs (Elf:1)
  2 fire bats (Volcano)
  3 humans (shapeshifter)
  An alligator snapping turtle simulacrum (Coc:2)
  Grum (D:8)
  27 neqoxecs
  6 golden eyes
  6 basilisks (Zig:25)
  A black mamba skeleton (Pan)
  85 redbacks
  8 vampire mosquitoes
  11 chaos spawn
  A warg (shapeshifter) (Vaults:1)
  A steam dragon (D:9)
  An acid dragon (D:14)
  3 spatial vortices (Abyss:3)
  5 harpy simulacra
  A naga zombie (Crypt:3)
  4 nagas (Zig:19)
  3 hydra simulacra
  4 wargs
  11 hell hounds
  46 water moccasins
  2 nameless horrors
  A floating eye (Depths:1)
  2 swamp drakes
  A black bear (shapeshifter) (D:15)
  37 orc warriors
  An alligator simulacrum (Hell)
  4 ice beasts
  A manticore zombie (Crypt:2)
  9 ogres
  An ettin simulacrum (Coc:1)
  A blink frog zombie (Crypt:2)
  A wolf (shapeshifter) (Vaults:1)
  4 boggarts (D:13)
  A swamp dragon skeleton (Tomb:1)
  8 wolves
  31 centaurs
  3 phantoms (D:11)
  6 bullfrogs
  7 kobold brigands
  A naga simulacrum (Coc:1)
  A spectral warg (Orc:2)
  5 necrophages
  2 gnoll sergeants
  6 scorpions
  14 earth elementals
  A komodo dragon skeleton (Crypt:2)
  A salamander skeleton (Crypt:1)
  12 wights
  3 troll zombies (D:11)
  3 elephant simulacra (IceCv)
  A spectral ogre (Orc:2)
  44 killer bees
  2 vampire bats (D:9)
  5 howler monkeys
  5 electric eels
  2 jellies (D:4)
  6 crimson imps (Pan)
  2 quasits
  A gnoll bouda (D:6)
  26 orc priests
  A hound (D:4)
  5 iguanas
  32 orc wizards
  7 hell rats
  A polar bear simulacrum (IceCv)
  5 ogre zombies (D:11)
  A deep dwarf skeleton (Crypt:3)
  55 mummies
  A spectral orc (Orc:2)
  9 gnolls
  2 river rats
  14 adders
  2 ogre simulacra (Orc:2)
  A white imp (Abyss:1)
  5 ufetubi
  2 orc simulacra (Orc:2)
  7 worms
  3 dart slugs
  66 orcs
  3 bat skeletons (D:9)
  2 bat zombies (D:9)
  10 endoplasms
  5 giant cockroaches
  A giant cockroach (shapeshifter) (Vaults:1)
  12 goblins
  8 hobgoblins
  6 jackals
  35 kobolds
  8 quokkas
  5 ball pythons
  2 ball python skeletons (Crypt:2)
  4 bats
  3 frilled lizards
  A frilled lizard skeleton (Crypt:3)
  A gnoll skeleton (Crypt:3)
  2 goblin skeletons
  4 goblin zombies (D:11)
  A hobgoblin skeleton (D:11)
  2 hobgoblin zombies (D:11)
  4 orc skeletons (D:11)
  13 orc zombies (D:11)
  12 rats
  3 ball lightnings (Pan)
  A bush (Lair:5)
  7 creeping infernos
  33 fire vortices
  A fulminant prism (D:11)
  10 starspawn tentacles
  3 tentacles
5835 creatures vanquished.

Vanquished Creatures (collateral kills)
  2 orbs of fire (Zot:5)
  2 juggernauts
  3 royal mummies
  A Killer Klown (Zot:3)
  A caustic shrike (Depths:4)
  3 golden dragons
  A Tzitzimitl (Tar:7)
  An iron giant (Dis:7)
  5 tentacled monstrosities
  A hellephant (Geh:7)
  A lich (Depths:2)
  2 searing wretches
  A walking earthen tome (Depths:2)
  2 Orb Guardians (Zot:5)
  2 deep elf master archers
  3 acid blobs (Slime:5)
  4 ancient champions
  A sphinx (Crypt:3)
  2 Executioners (Pan)
  A shadow dragon (Zot:2)
  4 tengu reavers
  2 rockslimes (Slime:5)
  A storm dragon (Vaults:5)
  An azure jelly (Slime:5)
  A fire giant (Geh:4)
  A quicksilver elemental (Dis:1)
  5 frost giants
  2 iron dragons
  3 cacodemons (Pan)
  3 vault wardens
  Aizul (Depths:2)
  3 balrugs
  3 ghouls (Crypt:3)
  3 draconian annihilators (Zot:1)
  4 very ugly things
  5 stone giants
  2 demonspawn blood saints (Pan)
  3 reapers
  A war gargoyle (Dis:3)
  4 ironbound preservers
  2 vampire knights
  A deep elf demonologist (Vaults:5)
  A demonspawn black sun (Pan)
  A black draconian (Zot:2)
  A white draconian (Depths:4)
  2 spark wasps
  A halazid warlock (Hell)
  2 red draconians
  A wendigo (Coc:5)
  2 yellow draconians
  4 blizzard demons
  A merfolk javelineer (Depths:2)
  2 iron golems
  4 ettins
  2 green deaths
  A fire dragon (Depths:3)
  7 vault guards
  A peacekeeper (Vaults:1)
  A spriggan zombie (Crypt:1)
  2 hell beasts
  4 great orbs of eyes
  3 ice dragons
  A rakshasa (Pan)
  A spriggan air mage (Depths:1)
  4 dancing weapons (Elf:2)
  2 tengu warriors (Depths:2)
  A deep troll shaman (Depths:2)
  A death scarab (Tomb:3)
  A death yak (Shoals:2)
  2 deep troll earth magi (Depths:2)
  7 hell hogs
  4 hell knights
  A deep elf knight (Elf:1)
  7 soul eaters
  13 sun demons
  An iron troll (Depths:1)
  5 sixfirhies (Pan)
  3 skeletal warriors
  5 deep trolls
  3 glowing orange brains
  A lindwurm (Vaults:1)
  A flayed ghost (Vaults:5)
  A deep elf archer (D:14)
  3 wizards
  4 necromancers
  An ironbound convoker (Vaults:3)
  5 bog bodies (Crypt:3)
  3 deep elf pyromancers (Elf:2)
  3 deep elf zephyrmancers (Elf:1)
  A phantasmal warrior (Vaults:5)
  8 ugly things
  A shining eye (shapeshifter) (Vaults:1)
  A manticore (Shoals:1)
  3 moths of wrath
  4 fauns (Shoals:3)
  A frost giant skeleton (Depths:2)
  2 demonic crawlers (Pan)
  8 smoke demons
  An alligator snapping turtle zombie (Crypt:1)
  5 orange demons
  4 rust devils
  2 yaktaurs (Vaults:1)
  3 centaur skeletons
  3 hellions
  4 ice devils
  2 tormentors
  3 efreet (Pan)
  A red devil (Pan)
  11 guardian mummies
  4 hellwings
  A harpy zombie (Crypt:3)
  A merfolk (Shoals:4)
  A hornet (shapeshifter) (Depths:2)
  2 wind drakes
  2 meliai (Depths:2)
  A raiju (shapeshifter) (Vaults:5)
  A dream sheep (Shoals:1)
  20 slime creatures
  3 water elementals
  A wraith (D:15)
  8 ynoxinuls
  A hog (Elf:1)
  An ushabti (Crypt:3)
  A golden eye (Pan)
  A spriggan simulacrum (Depths:1)
  A human (Elf:1)
  A sea snake simulacrum (Hell)
  6 large abominations (Pan)
  2 neqoxecs (Pan)
  3 harpy simulacra
  A hell hound (Pan)
  A fire bat skeleton (Crypt:1)
  A floating eye (shapeshifter) (Vaults:5)
  2 orc warriors
  A glowing shapeshifter skeleton (Depths:1)
  An elephant skeleton (Crypt:1)
  A centaur (Shoals:3)
  A small abomination (Abyss:1)
  A glowing shapeshifter simulacrum (Depths:1)
  A necrophage (Crypt:2)
  A crimson imp (Pan)
  An orc priest (Elf:2)
  2 hell rats (Hell)
  6 mummies
  4 orcs
  61 fire vortices
  10 foxfires
447 creatures vanquished.

Vanquished Creatures (others)
  A bone dragon (Depths:4)
  The ghost of Susobas the Eclecticist, an adept DsCj of Vehumet (Vaults:1)
  A tentacled monstrosity (Zot:5)
  A deep elf master archer (Elf:2)
  A titan (Depths:2)
  An azure jelly (Slime:5)
  2 very ugly things
  A demonspawn blood saint (Pan)
  2 deep elf annihilators (Elf:3)
  A deep elf death mage (Elf:1)
  A fire dragon (Depths:4)
  A yaktaur captain (Vaults:5)
  A great orb of eyes (Vaults:2)
  A vault guard (Vaults:3)
  A tengu warrior (Depths:1)
  A sun demon (Hell)
  2 deep elf knights
  A deep troll (Vaults:2)
  A wizard (Depths:1)
  A deep elf zephyrmancer (Elf:3)
  A lindwurm (Vaults:2)
  An ugly thing (Vaults:3)
  2 hellions
  2 smoke demons
  A yaktaur (Vaults:2)
  2 freezing wraiths
  An ice devil (Zig:4)
  A hellwing (Zig:4)
  A hornet (Zig:10)
  A dream sheep (Shoals:1)
  A slime creature (Vaults:4)
  A ynoxinul (Pan)
  A human (Elf:1)
  An orc warrior (Elf:2)
  3 ball lightnings (Zig:26)
  2 demonic plants (Pan)
  572 fire vortices
  484 foxfires
  167 fulminant prisms
  65 fungi
  374 plants
  8 starspawn tentacles
  13 tentacles
  2 withered plants (Elf:1)
1730 creatures vanquished.

Grand Total: 8012 creatures vanquished

Notes
Turn   | Place    | Note
-------+----------+-------------------------------------------
     0 | D:1      | atomjack the Demonspawn Wanderer began the quest for the
                  | Orb.
     0 | D:1      | atomjack set off with the following items: a +0 dagger, a
                  | +0 pair of gloves, a scroll of fog, a +0 leather armour, a
                  | +0 buckler of protection; and the following spell
                  | memorised: Shock; and the following spells available to
                  | memorise: Swiftness.
     0 | D:1      | Reached XP level 1. HP: 13/13 MP: 2/2
   158 | D:1      | Learned a level 1 spell: Foxfire
   398 | D:1      | Gained mutation: You are partially covered in molten
                  | scales. (AC +2) [demonic ancestry]
   398 | D:1      | Reached XP level 2. HP: 16/19 MP: 4/4
   487 | D:1      | Reached skill level 1 in Conjurations
   833 | D:1      | Gained mutation: You regenerate magic rapidly. [demonic
                  | ancestry]
   833 | D:1      | Reached XP level 3. HP: 24/24 MP: 2/5
  1885 | D:2      | Reached skill level 1 in Fighting
  1885 | D:2      | Gained mutation: You may rarely emit foul miasma when
                  | damaged in melee. [demonic ancestry]
  1885 | D:2      | Reached XP level 4. HP: 23/32 MP: 3/7
  2656 | D:4      | Noticed a scorpion
  2664 | D:4      | Killed a scorpion
  2665 | D:4      | Reached skill level 1 in Maces & Flails
  2665 | D:4      | Reached XP level 5. HP: 18/37 MP: 7/9
  2967 | D:4      | Found a staircase to the Ecumenical Temple.
  2973 | Temple   | Entered the Ecumenical Temple
  3180 | Temple   | Became a worshipper of Vehumet
  3298 | D:4      | Gained mutation: You have a pair of small horns on your
                  | head. [demonic ancestry]
  3298 | D:4      | Reached XP level 6. HP: 35/43 MP: 8/11
  3750 | D:4      | Reached XP level 7. HP: 26/48 MP: 13/13
  4202 | D:5      | Entered Level 5 of the Dungeon
  4593 | D:5      | Reached * piety under Vehumet
  4593 | D:5      | Offered knowledge of Kiss of Death by Vehumet.
  4623 | D:5      | Found a glowing drain.
  4627 | Sewer    | Entered a sewer
  4795 | Sewer    | Reached skill level 5 in Maces & Flails
  4922 | Sewer    | Reached XP level 8. HP: 50/56 MP: 14/14
  5358 | D:5      | You are sucked into a shaft and drop 3 floors!
  5358 | D:8      | Found a runed translucent gate.
  5359 | D:8      | Found a runed translucent gate.
  5476 | D:7      | Reached ** piety under Vehumet
  5569 | D:6      | Offered knowledge of Sandblast by Vehumet.
  5570 | D:6      | Reached skill level 1 in Throwing
  6072 | D:6      | Found a runed translucent door.
  6119 | D:6      | Noticed rossyrg's ghost (novice GnRe)
  6505 | D:6      | Found an iron altar of Okawaru.
  6724 | D:6      | Found a shimmering blue altar of Sif Muna.
  7321 | D:7      | Gained mutation: You sometimes emit foul miasma when
                  | damaged in melee. [demonic ancestry]
  7321 | D:7      | Reached XP level 9. HP: 51/64 MP: 9/16
  7328 | D:7      | Reached skill level 5 in Spellcasting
  7467 | D:7      | Found a stormy altar of Qazlal.
  7516 | D:7      | Reached skill level 5 in Conjurations
  7956 | D:8      | Found a runed translucent gate.
  7958 | D:8      | Found an opulent altar of Gozag.
  7958 | D:8      | Noticed an efreet
  7958 | D:8      | Noticed kaisn's ghost (novice OpTm)
  8185 | D:8      | Offered knowledge of Mephitic Cloud by Vehumet.
  8190 | D:8      | Learned a level 3 spell: Mephitic Cloud
  8225 | D:8      | Noticed Grum
  8274 | D:8      | Noticed Joseph
  8290 | D:8      | Reached skill level 1 in Hexes
  8300 | D:8      | Killed Joseph
  8476 | D:8      | Reached *** piety under Vehumet
  8545 | D:8      | Killed Grum
  8607 | D:8      | Found a shadowy altar of Dithmenos.
  8647 | D:8      | Found a sparkling altar of Nemelex Xobeh.
  8919 | D:9      | Found Gerutios's Antique Armour Shoppe.
  9078 | D:9      | Offered knowledge of Inner Flame by Vehumet.
  9084 | D:9      | Learned a level 4 spell: Fulminant Prism
  9214 | D:9      | Why do I always find Alchemist on a horned demonspawn????
  9229 | D:9      | Learned a level 4 spell: Iskenderun's Mystic Blast
  9235 | D:9      | Learned a level 5 spell: Fireball
  9340 | D:9      | Gained mutation: When hurt, damage is shared between your
                  | health and your magic reserves. [demonic ancestry]
  9340 | D:9      | Reached XP level 10. HP: 73/73 MP: 14/20
  9404 | D:9      | Reached skill level 1 in Fire Magic
  9634 | D:9      | Found Jakischoqod's Antique Weapon Boutique.
  9661 | D:9      | Reached **** piety under Vehumet
  9989 | D:9      | Found Ritwul's Distillery.
  9996 | D:9      | Bought a potion of degeneration for 16 gold pieces
 10098 | D:9      | Found an ancient bone altar of Kikubaaqudgha.
 10217 | D:9      | Found Rinetomi's Book Shop.
 10270 | D:9      | Found Fuifuhoi's Jewellery Shoppe.
 10403 | D:10     | Entered Level 10 of the Dungeon
 10634 | D:10     | Noticed a two-headed ogre
 10660 | D:10     | Killed a two-headed ogre
 10660 | D:10     | Offered knowledge of Lightning Bolt by Vehumet.
 10941 | D:10     | Found a staircase to the Lair.
 10943 | D:10     | Noticed an oklob plant
 10979 | D:10     | Found a broken altar of Ashenzari.
 11090 | D:10     | Killed an oklob plant
 11097 | Lair:1   | Entered Level 1 of the Lair of Beasts
 11120 | Lair:1   | Noticed a cane toad
 11124 | Lair:1   | Killed a cane toad
 11193 | Lair:1   | Reached skill level 5 in Fighting
 11196 | Lair:1   | Gained mutation: You have a pair of horns on your head.
                  | [demonic ancestry]
 11196 | Lair:1   | Reached XP level 11. HP: 79/79 MP: 23/23
 11237 | Lair:1   | Noticed Urug
 11245 | Lair:1   | Killed Urug
 11431 | Lair:1   | Reached skill level 10 in Conjurations
 11536 | Lair:1   | Learned a level 5 spell: Freezing Cloud
 11811 | Lair:1   | Noticed Sonja
 11817 | Lair:1   | Killed Sonja
 12023 | Lair:1   | Found a snail-covered altar of Cheibriados.
 12071 | Lair:1   | Reached skill level 1 in Translocations
 12876 | Lair:2   | Reached ***** piety under Vehumet
 12881 | Lair:2   | Offered knowledge of Yara's Violent Unravelling by Vehumet.
 12948 | Lair:2   | Noticed a death yak
 12952 | Lair:2   | Noticed a death yak
 12953 | Lair:2   | Noticed a death yak
 12954 | Lair:2   | Noticed a death yak
 13075 | Lair:2   | Noticed a seven-headed hydra
 13152 | Lair:2   | Noticed an oklob plant
 13173 | Lair:2   | Reached skill level 5 in Fire Magic
 13380 | Lair:2   | Killed an oklob plant
 13403 | Lair:2   | Identified the +5 war axe "Liduz" {pain, Fly rElec}
 13477 | Lair:2   | You fall into a shaft and drop 2 floors!
 13492 | Lair:4   | Found a gate leading to a gauntlet.
 13515 | Gauntlet | Entered a Gauntlet
 13515 | Gauntlet | Found a transporter.
 13515 | Gauntlet | Found a transporter.
 13518 | Gauntlet | Noticed a catoblepas
 13535 | Gauntlet | Found a transporter.
 13539 | Gauntlet | Found a transporter.
 13539 | Gauntlet | Found a transporter.
 13553 | Gauntlet | Found a transporter.
 13565 | Gauntlet | Found a transporter.
 13569 | Gauntlet | Found a transporter.
 13581 | Gauntlet | Found a transporter.
 13586 | Gauntlet | Found a runed translucent door.
 13590 | Gauntlet | Noticed a sixfirhy
 13592 | Gauntlet | Found a runed translucent door.
 13592 | Gauntlet | Noticed a sixfirhy
 13593 | Gauntlet | Found a transporter.
 13593 | Gauntlet | Noticed a sixfirhy
 13594 | Gauntlet | Found a runed translucent door.
 13594 | Gauntlet | Noticed a sixfirhy
 13607 | Gauntlet | Found a transporter.
 13611 | Gauntlet | Found a transporter.
 13617 | Gauntlet | Noticed a fire crab
 13842 | Lair:4   | Learned a level 5 spell: Yara's Violent Unravelling
 13978 | Lair:4   | Gained mutation: You are mostly covered in molten scales.
                  | (AC +3) [demonic ancestry]
 13978 | Lair:4   | Reached XP level 12. HP: 89/89 MP: 19/25
 14320 | Lair:2   | Noticed a death yak
 14324 | Lair:2   | Noticed a death yak
 14324 | Lair:2   | Killed a death yak
 14328 | Lair:2   | Killed a death yak
 14582 | Lair:2   | Killed a seven-headed hydra
 14647 | Lair:2   | Killed a death yak
 14658 | Lair:2   | Killed a death yak
 14673 | Lair:1   | Killed a death yak
 14778 | Lair:2   | Killed a death yak
 15004 | Lair:2   | Found a runed translucent door.
 15004 | Lair:2   | Noticed lesbian's ghost (journeyman GrEE)
 15013 | Lair:2   | Found a hole to the Spider Nest.
 15132 | Lair:2   | Found a staircase to the Shoals.
 15592 | Lair:2   | Reached skill level 10 in Spellcasting
 16055 | Lair:3   | Reached XP level 13. HP: 93/98 MP: 27/27
 16114 | Lair:3   | Identified a scroll of acquirement
 16116 | Lair:3   | Acquired the ring of Mirth {Wiz rF+ rCorr Dex+4 Stlth-}
 16363 | Lair:3   | Identified the +1 pair of gloves of the Shore {rN+}
 17147 | Lair:5   | Entered Level 5 of the Lair of Beasts
 17952 | Lair:5   | Offered knowledge of Irradiate by Vehumet.
 17966 | Lair:5   | Learned a level 5 spell: Irradiate
 19112 | Lair:5   | Found a staircase to the Slime Pits.
 19203 | Lair:5   | Reached skill level 15 in Conjurations
 19210 | Lair:5   | Gained mutation: You have a pair of large horns on your
                  | head. [demonic ancestry]
 19210 | Lair:5   | Reached XP level 14. HP: 106/106 MP: 8/29
 20155 | D:11     | Found a staircase to the Orcish Mines.
 20307 | D:9      | Offered knowledge of Orb of Destruction by Vehumet.
 20325 | D:9      | Bought a crystal rapier for 216 gold pieces
 20325 | D:9      | Identified the +7 rapier "Goblinbane" {flame, Str+2 Int+4
                  | Dex-5} (You bought it in a shop on level 9 of the Dungeon)
 20618 | D:11     | Learned a level 7 spell: Orb of Destruction
 21027 | D:12     | Found a radiant altar of Vehumet.
 21229 | D:12     | Found a frozen archway.
 21253 | IceCv    | Entered an ice cave
 21303 | IceCv    | Found a transporter.
 21313 | IceCv    | Found a transporter.
 21449 | IceCv    | Identified the +0 plate armour "Gooqon" {rCorr Int+2}
 22067 | D:12     | Noticed a frost giant
 22072 | D:12     | Killed a frost giant
 22424 | D:12     | Noticed a tengu reaver
 22428 | D:12     | Killed a tengu reaver
 22544 | D:12     | Identified the ring "Onip" {Fly rElec rC+ Int-3 Stlth+}
 22760 | D:12     | Noticed a sphinx
 22766 | D:12     | Killed a sphinx
 22767 | D:12     | Offered knowledge of Conjure Ball Lightning by Vehumet.
 24025 | D:13     | Reached skill level 15 in Spellcasting
 24045 | D:13     | Learned a level 6 spell: Conjure Ball Lightning
 24277 | Orc:1    | Entered Level 1 of the Orcish Mines
 24300 | Orc:1    | Gained mutation: Your magical and physical power is
                  | slightly enhanced at high health. [demonic ancestry]
 24300 | Orc:1    | Reached XP level 15. HP: 111/113 MP: 33/34
 24474 | Orc:1    | Found a dark tunnel.
 24490 | Volcano  | Entered a volcano
 25223 | Orc:2    | Entered Level 2 of the Orcish Mines
 25480 | Orc:2    | Found a runed translucent gate.
 25493 | Orc:2    | Found a runed translucent gate.
 25494 | Orc:2    | Found a runed translucent gate.
 25495 | Orc:2    | Noticed xsansara's ghost (journeyman OgCA)
 25619 | Orc:2    | Offered knowledge of Iron Shot by Vehumet.
 26155 | Orc:2    | Identified the ring "Her Lod" {Ice Str-3 Dex+4}
 26156 | Orc:2    | Reached ****** piety under Vehumet
 26469 | Orc:2    | Offered knowledge of Iskenderun's Battlesphere by Vehumet.
 26528 | Orc:2    | Found Jina's Antique Armour Shop.
 26528 | Orc:2    | Found Kuemotwe's Distillery.
 26530 | Orc:2    | Found Garedoc's Antique Weapon Boutique.
 26535 | Orc:2    | Found Ifaller's Distillery.
 26551 | Orc:2    | Bought a pair of embroidered boots for 225 gold pieces
 26715 | Orc:2    | Found a staircase to the Elven Halls.
 27053 | Orc:2    | Killed xsansara's ghost
 27155 | Orc:2    | Upgraded the game from 0.30-a0-614-ge5ea1257c2 to
                  | 0.30-a0-620-g0e44632947
 27199 | Orc:2    | Bought a potion of haste for 170 gold pieces
 27199 | Orc:2    | Bought a potion of magic for 136 gold pieces
 27199 | Orc:2    | Bought a potion of mutation for 136 gold pieces
 27357 | Spider:1 | Entered Level 1 of the Spider Nest
 27681 | Spider:1 | Reached skill level 5 in Dodging
 27970 | Spider:1 | Identified the +0 cloak of Omission {Harm Drain rElec}
 28010 | Spider:1 | Reached skill level 1 in Short Blades
 28755 | Spider:2 | Noticed Jorgrun
 29500 | Spider:1 | Offered knowledge of Lehudib's Crystal Spear by Vehumet.
 29543 | Spider:2 | Killed Jorgrun
 29630 | Spider:2 | Gained mutation: You frequently emit foul miasma when
                  | damaged in melee. [demonic ancestry]
 29630 | Spider:2 | Reached XP level 16. HP: 120/120 MP: 25/35
 30606 | Spider:3 | Reached skill level 5 in Short Blades
 31134 | Spider:4 | Entered Level 4 of the Spider Nest
 31319 | Spider:3 | Offered knowledge of Fire Storm by Vehumet.
 31319 | Spider:3 | Offered knowledge of Shatter by Vehumet.
 31319 | Spider:3 | Offered knowledge of Chain Lightning by Vehumet.
 33274 | Spider:4 | Reached skill level 10 in Dodging
 34067 | Spider:4 | Reached skill level 10 in Fighting
 34271 | Spider:4 | Got a gossamer rune of Zot
 34544 | Shoals:1 | Entered Level 1 of the Shoals
 34736 | Shoals:1 | Reached skill level 5 in Hexes
 34752 | Shoals:1 | Gained mutation: Your magical and physical power is
                  | enhanced at high health. [demonic ancestry]
 34752 | Shoals:1 | Reached XP level 17. HP: 112/128 MP: 34/36
 35290 | Shoals:1 | Noticed Roxanne
 35297 | Shoals:1 | Killed Roxanne
 35444 | Shoals:1 | Noticed a kraken
 35456 | Shoals:1 | Killed a kraken
 36114 | Shoals:2 | Noticed Nikola
 36707 | Shoals:2 | Killed Nikola
 36849 | Shoals:2 | Found Ogedul's Armour Shoppe.
 36860 | Shoals:2 | Noticed a kraken
 36918 | Shoals:2 | Killed a kraken
 37085 | Shoals:2 | Noticed Polyphemus
 37091 | Shoals:2 | Killed Polyphemus
 38977 | Shoals:3 | Reached XP level 18. HP: 138/138 MP: 37/37
 39330 | Shoals:4 | Entered Level 4 of the Shoals
 40352 | Shoals:4 | Got a barnacled rune of Zot
 40398 | Shoals:4 | Identified the ring "Ijoyluph" {MP+9 Dex+4}
 40421 | Shoals:4 | Identified the ring "Bait" {Fly Str+6 Int-3}
 41373 | D:14     | Found a gate to the Vaults.
 41911 | D:14     | Found Anlulaku's Distillery.
 42174 | D:15     | Entered Level 15 of the Dungeon
 43185 | D:15     | Found a staircase to the Depths.
 43284 | Vaults:1 | Entered Level 1 of the Vaults
 43364 | Vaults:1 | Reached skill level 1 in Evocations
 43414 | Vaults:1 | Found a flickering gateway to a bazaar.
 43445 | Bazaar   | Entered a bazaar
 43449 | Bazaar   | Found Paublu's Armour Boutique.
 43471 | Bazaar   | Found Erealuqepp's Armour Emporium.
 43492 | Bazaar   | Found Hoadwy's Book Boutique.
 43512 | Bazaar   | Found Otua's Antique Weapon Shoppe.
 43539 | Bazaar   | Bought a +2 pair of boots for 148 gold pieces
 43552 | Bazaar   | Bought the +1 leather armour "Rucyokhle" {MP+9} for 296
                  | gold pieces
 43597 | Bazaar   | Bought a +0 pair of boots of rampaging for 138 gold pieces
 44048 | Vaults:1 | Gained mutation: When low on magic, you restore magic in
                  | place of health. [demonic ancestry]
 44048 | Vaults:1 | Reached XP level 19. HP: 132/146 MP: 38/38
 45114 | Vaults:1 | Found a runed translucent gate.
 45114 | Vaults:1 | Found a runed translucent gate.
 45118 | Vaults:1 | Found a runed translucent gate.
 45601 | Vaults:1 | Found a runed translucent gate.
 45601 | Vaults:1 | Found a runed translucent gate.
 45603 | Vaults:1 | Found a runed translucent gate.
 45611 | Vaults:1 | Noticed Susobas's ghost (adept DsCj)
 45699 | Vaults:1 | Killed Susobas's ghost
 45890 | Vaults:1 | Identified the +0 robe of the Black Moon {rF+ SInv}
 47731 | Vaults:2 | Reached skill level 10 in Fire Magic
 48139 | Vaults:2 | Identified the +2 scale mail "Ycudy" {*Slow rPois rF+
                  | Dex+2}
 48218 | Vaults:3 | Reached XP level 20. HP: 155/155 MP: 40/40
 48413 | Vaults:3 | Found a staircase to the Crypt.
 49125 | Vaults:3 | Found a transporter.
 49132 | Vaults:3 | Found a transporter.
 49133 | Vaults:3 | Found a bloodstained altar of Trog.
 49133 | Vaults:3 | Noticed Opifex's ghost (adept DsFi)
 49333 | Vaults:3 | You fall into a shaft and drop 1 floor!
 49545 | Vaults:4 | Learned a level 9 spell: Fire Storm
 49883 | Vaults:4 | Found Jarrugis's Magic Scroll Boutique.
 50209 | Vaults:4 | Noticed Jory
 50225 | Vaults:4 | Killed Jory
 50811 | Vaults:3 | Identified the +10 plate armour "Nueghih" {Int+2}
 51776 | Elf:1    | Entered Level 1 of the Elven Halls
 52018 | Elf:1    | Found Umapsoth's General Store.
 52038 | Elf:1    | Bought the +4 leather armour "Ukhluwodu" {rF+ Will++} for
                  | 900 gold pieces
 52070 | Elf:1    | Found Zoohurow's Book Emporium.
 52080 | Elf:1    | Learned a level 2 spell: Blink
 52095 | Elf:1    | Identified the +8 falchion "Fazyun" {pain, *Rage +Blink Fly
                  | Str+3}
 52264 | Elf:1    | Found Kuuxezud's General Store.
 52460 | Elf:1    | Noticed Kirke
 52467 | Elf:1    | Killed Kirke
 52558 | Elf:1    | Found a runed translucent door.
 52558 | Elf:1    | Noticed wpisznazwe's ghost (adept MiFi)
 52576 | Elf:1    | Killed wpisznazwe's ghost
 53169 | Elf:2    | Reached XP level 21. HP: 129/160 MP: 32/43
 53256 | Elf:2    | Wow
 53272 | Elf:1    | Acquired the -2 pair of boots "Ruab" {rPois}
 53273 | Elf:1    | Acquired the amulet of the Burgomaster {Reflect rPois Str+3
                  | Int-3 SH+5}
 53274 | Elf:1    | Acquired the Annotations on Haze and the Inferno
 53561 | Elf:2    | Found a runed translucent door.
 53593 | Elf:2    | Found a runed translucent door.
 53797 | Elf:2    | Noticed Azrael
 53844 | Elf:2    | Killed Azrael
 54405 | Elf:3    | Entered Level 3 of the Elven Halls
 54468 | Elf:3    | Found a magical portal.
 54510 | WizLab   | Entered Wucad Mu's Monastery
 54628 | WizLab   | Found the +9 staff of Wucad Mu {*channel}
 54717 | WizLab   | Reached XP level 22. HP: 167/167 MP: 44/44
 56229 | Elf:3    | Noticed Asterion
 56246 | Elf:3    | Killed Asterion
 56518 | Elf:3    | Identified the +2 leather armour of Baleful Surprise
                  | {+Blink rF+ Stlth+}
 56518 | Elf:3    | Identified the ring "Kusal" {Ice rElec rCorr Str-5 Int+5}
 56843 | Elf:3    | Paralysed by an air elemental for 1 turns
 56855 | Elf:3    | Identified the ring "Emueggip" {+Blink rC+ rN+ rCorr}
 57262 | Elf:3    | Identified the ring "Zassarch" {Contam rElec rPois Dex+6
                  | SInv}
 57418 | Elf:3    | Identified the +1 scale mail "Tucsathy" {Int+6 Stlth-}
 57640 | Elf:3    | Got Japniyt's Incunable of the Lethal Rocks
 57654 | Elf:3    | Got the Volume of the Poles
 57660 | Elf:3    | Got the Precepts of Calorific Support
 57775 | Elf:3    | Got the Papyrus of Blinking Combat Magic
 58029 | D:9      | Bought a book of Power for 588 gold pieces
 58037 | D:9      | Learned a level 7 spell: Spellforged Servitor
 58045 | D:9      | Learned a level 6 spell: Iron Shot
 58210 | Depths:1 | Entered Level 1 of the Depths
 58320 | Depths:1 | Reached skill level 15 in Fire Magic
 58522 | Depths:1 | Found a gateway to Hell.
 58868 | Depths:1 | Reached XP level 23. HP: 173/173 MP: 47/47
 58951 | Depths:1 | Found a one-way gate leading to the halls of Pandemonium.
 59712 | Depths:2 | Noticed Mara
 59716 | Depths:2 | Killed Mara
 59898 | Depths:2 | Noticed Aizul
 59910 | Depths:2 | Killed Aizul
 61064 | Depths:2 | Noticed a juggernaut
 61450 | Depths:2 | Noticed a juggernaut
 61453 | Depths:2 | Killed a juggernaut
 61469 | Depths:2 | Killed a juggernaut
 61524 | Depths:2 | Identified the +9 war axe "Hoaxzess" {freeze, Str-4 Int+3
                  | SInv} (You took it off a tengu reaver on level 2 of the
                  | Depths)
 61531 | Depths:2 | Noticed a caustic shrike
 61538 | Depths:2 | Killed a caustic shrike
 61626 | Depths:2 | Identified the +7 war axe of Xom's Approval {flame, +Blink
                  | Stlth+}
 62502 | Depths:3 | Identified the +3 trident of Yteiprus {chaos, rF+ rN+}
 62505 | Depths:3 | Found a one-way gateway to a ziggurat.
 62553 | Depths:3 | Noticed Louise
 62554 | Depths:3 | Killed Louise
 62626 | Depths:3 | Found a one-way gate to the infinite horrors of the Abyss.
 62936 | Depths:3 | Found an ornate altar of the Wu Jian Council.
 63226 | Depths:3 | Gained mutation: Your magical and physical power is greatly
                  | enhanced at high health. [demonic ancestry]
 63226 | Depths:3 | Reached XP level 24. HP: 154/180 MP: 34/49
 63424 | Depths:4 | Entered Level 4 of the Depths
 63424 | Depths:4 | Noticed a juggernaut
 63430 | Depths:4 | Killed a juggernaut
 63431 | Depths:4 | Reached skill level 1 in Necromancy
 63755 | Depths:4 | Noticed Sojobo
 63758 | Depths:4 | Killed Sojobo
 64219 | Depths:4 | Found a gate to the Realm of Zot.
 64524 | Depths:3 | Reached skill level 5 in Necromancy
 65086 | Crypt:1  | Entered Level 1 of the Crypt
 65173 | Crypt:1  | Reached skill level 15 in Fighting
 65365 | Crypt:1  | Noticed Margery
 65378 | Crypt:1  | Killed Margery
 66816 | Crypt:3  | Entered Level 3 of the Crypt
 66973 | Crypt:3  | Reached XP level 25. HP: 152/197 MP: 19/49
 67064 | Crypt:3  | Noticed Khufu
 67068 | Crypt:3  | Noticed a royal mummy
 67069 | Crypt:3  | Killed Khufu
 67070 | Crypt:3  | Killed a royal mummy
 67465 | Crypt:3  | Noticed a royal mummy
 67471 | Crypt:3  | Killed a royal mummy
 68138 | Crypt:3  | Identified the ring "Wius Miw" {rN+ Int+7 Stlth-}
 68138 | Crypt:3  | Identified the ring of Mebaqery {rElec rN+ Slay+5}
 68146 | Crypt:3  | Got Xoigeuc's Commentary on the Mausoleum
 68394 | Crypt:3  | Found a staircase to the Tomb.
 68595 | Crypt:3  | Identified the ring of the Mashing Visionary {Wiz Str+4}
 68600 | Crypt:3  | Identified the +0 pair of gloves of Anaesthesia {rF+ rN+
                  | Str+3 Int-3}
 68618 | Crypt:3  | Identified the ring "Ompenusi" {Fire rCorr}
 69073 | Vaults:3 | Killed Opifex's ghost
 69347 | Lair:2   | Killed lesbian's ghost
 69506 | D:8      | Killed kaisn's ghost
 69507 | D:8      | Reached skill level 1 in Staves
 69770 | Slime:1  | Entered Level 1 of the Pits of Slime
 69879 | Slime:5  | Entered Level 5 of the Pits of Slime
 69928 | Slime:5  | Noticed the Royal Jelly
 69931 | Slime:5  | Killed the Royal Jelly
 69951 | Slime:5  | Reached skill level 10 in Necromancy
 69956 | Slime:5  | Found the +8 Vampire's Tooth {vamp}
 70048 | Slime:5  | Identified the ring of Conversion {rF+ rN++ Str+2}
 70052 | Slime:5  | Got a slimy rune of Zot
 70084 | Slime:5  | Identified the ring "Dejabrom" {rPois Int+4 SInv}
 70423 | Vaults:5 | Entered Level 5 of the Vaults
 70491 | Vaults:5 | Gained mutation: You are completely covered in molten
                  | scales. (AC +4, rF+) [demonic ancestry]
 70491 | Vaults:5 | Reached XP level 26. HP: 185/211 MP: 49/49
 70631 | Vaults:5 | Identified the ring of Hezuec {+Blink rElec MP+9 Int+6
                  | Dex-4}
 70667 | Vaults:5 | Identified the +8 plate armour of Fiepnusm {rC- Int+8 Dex+2
                  | SInv}
 70692 | Vaults:5 | Identified the +9 executioner's axe of Watchfulness {speed,
                  | Str+6}
 70745 | Vaults:5 | Identified the +1 plate armour of Insecurity {rC- Str+3
                  | Dex+2 Slay+5}
 71243 | Vaults:5 | Got a silver rune of Zot
 71341 | Vaults:5 | Noticed a dread lich
 71344 | Vaults:5 | Killed a dread lich
 71491 | Vaults:5 | Identified the +10 dagger "Hoogrios" {drain, rC+}
 71605 | Vaults:5 | Noticed a dread lich
 71607 | Vaults:5 | Killed a dread lich
 71633 | Vaults:5 | Found Gievuxak's Assorted Antiques.
 71644 | Vaults:5 | Bought a runed cloak for 240 gold pieces
 71676 | Vaults:5 | Identified the ring "Dacok" {rC+ rCorr EV+5 Int+3 Dex+4}
 71772 | Vaults:5 | Upgraded the game from 0.30-a0-620-g0e44632947 to
                  | 0.30-a0-626-gd6a5dd7a1f
 72060 | Zot:1    | Entered Level 1 of the Realm of Zot
 72060 | Zot:1    | Found a sparkling altar of Nemelex Xobeh.
 73173 | Zot:2    | Got the Codex of Conjuration
 73250 | Zot:2    | Reached skill level 15 in Necromancy
 73430 | Zot:2    | Identified the +3 trident of Ytyblef {speed, rF+ Dex+4}
 74693 | Zot:4    | Reached skill level 1 in Transmutations
 74696 | Zot:4    | Reached XP level 27. HP: 218/218 MP: 49/49
 75656 | Zot:5    | Entered Level 5 of the Realm of Zot
 75982 | Zot:5    | Reached skill level 5 in Transmutations
 76129 | Zot:5    | Noticed an ancient lich
 76133 | Zot:5    | Killed an ancient lich
 76310 | Zot:5    | Learned a level 8 spell: Necromutation
 76788 | Zot:5    | Noticed an ancient lich
 77164 | Zot:5    | Noticed an ancient lich
 77165 | Zot:5    | Killed an ancient lich
 77167 | Zot:5    | Noticed a dread lich
 77168 | Zot:5    | Killed a dread lich
 77183 | Zot:5    | Noticed an ancient lich
 77185 | Zot:5    | Killed an ancient lich
 77258 | Zot:5    | Noticed an orb of fire
 77263 | Zot:5    | Gained mutation: You sometimes lose your temper in combat.
                  | [an orb of fire]
 77265 | Zot:5    | Killed an orb of fire
 77277 | Zot:5    | Killed an ancient lich
 77568 | Zot:5    | Noticed an orb of fire
 77581 | Zot:5    | Killed an orb of fire
 78011 | Hell     | Entered the Vestibule of Hell
 78011 | Hell     | Noticed Geryon
 78016 | Hell     | Killed Geryon
 78026 | Hell     | Noticed Murray
 78097 | Hell     | Reached skill level 10 in Transmutations
 78139 | Hell     | Killed Murray
 78432 | Hell     | Found a gateway to the decaying netherworld of Tartarus.
 78574 | Hell     | Found a gateway to the Iron City of Dis.
 78653 | Hell     | Found a gateway to the freezing wastes of Cocytus.
 78728 | Hell     | Found a gateway to the ashen valley of Gehenna.
 78789 | Hell     | Lost mutation: You sometimes lose your temper in combat.
                  | [potion of mutation]
 78789 | Hell     | Gained mutation: Your system is resistant to poisons.
                  | (rPois) [potion of mutation]
 79222 | Elf:1    | Bought a Necronomicon for 784 gold pieces
 79222 | Elf:1    | Bought the Vellum of the Topological Body for 364 gold
                  | pieces
 79525 | Pan      | Entered Pandemonium
 79555 | Pan      | Noticed Qanaac the pandemonium lord
 79564 | Pan      | Killed Qanaac the pandemonium lord
 79637 | Pan      | Noticed Ignacio
 79644 | Pan      | Killed Ignacio
 79645 | Pan      | Reached skill level 5 in Air Magic
 79741 | Pan      | Noticed Kumnoew the pandemonium lord
 79745 | Pan      | Killed Kumnoew the pandemonium lord
 80042 | Pan      | Entered the realm of Mnoleg.
 80197 | Pan      | Noticed Mnoleg
 80202 | Pan      | Killed Mnoleg
 80268 | Pan      | Got a glowing rune of Zot
 80338 | Pan      | Entered the realm of Gloorx Vloq.
 80627 | Pan      | Reached skill level 10 in Air Magic
 80634 | Pan      | Noticed Gloorx Vloq
 80638 | Pan      | Killed Gloorx Vloq
 80711 | Pan      | Got a dark rune of Zot
 80899 | Pan      | Identified the +1 ring mail "Wifuf" {rF+ Stlth+}
 80940 | Pan      | Noticed Gaunnuz the pandemonium lord
 80949 | Pan      | Killed Gaunnuz the pandemonium lord
 81026 | Pan      | Acquired the amulet "Feanat" {Reflect rPois rF- Str-3 Int+9
                  | SH+5}
 81061 | Pan      | Noticed Xaonetawn the pandemonium lord
 81066 | Pan      | Killed Xaonetawn the pandemonium lord
 81083 | Depths:1 | Escaped Pandemonium
 81192 | Pan      | Entered Pandemonium
 81220 | Pan      | Identified the +0 buckler of Duck's Teeth {rF+}
 81262 | Pan      | Noticed Odau the pandemonium lord
 81268 | Pan      | Killed Odau the pandemonium lord
 81351 | Pan      | Entered the realm of Lom Lobon.
 81483 | Pan      | Noticed Lom Lobon
 81489 | Pan      | Killed Lom Lobon
 81526 | Pan      | Got a magical rune of Zot
 81680 | Depths:1 | Escaped Pandemonium
 81694 | Depths:1 | Learned a level 8 spell: Maxwell's Capacitive Coupling
 81700 | Pan      | Entered Pandemonium
 81805 | Pan      | Noticed Arheucha the pandemonium lord
 81809 | Pan      | Killed Arheucha the pandemonium lord
 81961 | Pan      | Got a demonic rune of Zot
 82100 | Pan      | Noticed Byur Wao the pandemonium lord
 82286 | Pan      | Reached skill level 15 in Air Magic
 82683 | Pan      | Noticed Vanuvoza the pandemonium lord
 82728 | Pan      | Entered the realm of Cerebov.
 83091 | Pan      | Found the +6 sword of Cerebov {flame}
 83091 | Pan      | Noticed Cerebov
 83099 | Pan      | Killed Cerebov
 83144 | Pan      | Identified the +9 long sword "Aqut" {flame, MP+9}
 83175 | Pan      | Got a fiery rune of Zot
 83239 | Pan      | Identified the +1 halberd "Yhivi" {protect, Fragile rPois
                  | rC+++ Dex-4}
 83248 | Pan      | Identified the ring of the Evening {Will+ Slay+4}
 83394 | Pan      | Identified the amulet "Xamex" {Reflect rC+ Regen+ SH+5}
 83553 | Pan      | Noticed Mennas
 83558 | Pan      | Killed Mennas
 83940 | Pan      | Noticed Ymnea the pandemonium lord
 83944 | Pan      | Killed Ymnea the pandemonium lord
 84014 | Pan      | Found an exit through the horrors of the Abyss.
 84021 | Pan      | Took an exit into the Abyss.
 84021 | Abyss:1  | Escaped into the Abyss
 84158 | Abyss:1  | Found a corrupted altar of Lugonu.
 84182 | Depths:1 | Escaped the Abyss
 85883 | Vaults:5 | Bought a scroll of amnesia for 128 gold pieces
 85883 | Vaults:5 | Bought a scroll of fear for 128 gold pieces
 85883 | Vaults:5 | Bought a scroll of fear for 128 gold pieces
 85883 | Vaults:5 | Bought a potion of curing for 96 gold pieces
 86215 | Elf:1    | Bought a scroll of fear for 72 gold pieces
 86215 | Elf:1    | Bought a scroll of amnesia for 72 gold pieces
 86215 | Elf:1    | Bought a scroll of poison for 72 gold pieces
 86541 | Zig:1    | Entered Level 1 of a ziggurat
 86644 | Zig:2    | Entered Level 2 of a ziggurat
 86664 | Zig:3    | Entered Level 3 of a ziggurat
 86686 | Zig:3    | Identified the +3 great sword "Heigh" {heavy, rElec rC-
                  | Int+4}
 86689 | Zig:4    | Entered Level 4 of a ziggurat
 86692 | Zig:4    | Noticed a dread lich
 86694 | Zig:4    | Killed a dread lich
 86710 | Zig:4    | Identified the +0 ring mail of Complete Protection {Dex+2}
 86733 | Zig:4    | Learned a level 9 spell: Chain Lightning
 86744 | Zig:5    | Entered Level 5 of a ziggurat
 86808 | Zig:5    | Identified the +6 quarterstaff "Uhuqow" {vamp, Str+6 Int+3}
 86812 | Zig:6    | Entered Level 6 of a ziggurat
 86874 | Zig:7    | Entered Level 7 of a ziggurat
 86915 | Zig:7    | Identified the +1 leather armour of the Blessed Realm
                  | {rElec Str+4 Dex+4}
 86947 | Zig:8    | Entered Level 8 of a ziggurat
 87012 | Zig:8    | Identified the +10 shortbow "Newtslayer" {freeze, rPois}
 87017 | Zig:8    | Identified the +4 eveningstar "Jyex" {heavy, rC+ Str+4
                  | Int-2 Dex+4}
 87070 | Zig:9    | Entered Level 9 of a ziggurat
 87077 | Zig:9    | Noticed Ihoic's ghost (legendary SpEn)
 87078 | Zig:9    | Noticed Gishoal's ghost (legendary KoBr)
 87078 | Zig:9    | Noticed Ahek's ghost (legendary GnTm)
 87078 | Zig:9    | Found the +3 greatsling "Punk" {acid, rCorr}
 87080 | Zig:9    | Reached skill level 15 in Dodging
 87080 | Zig:9    | Killed Ihoic's ghost
 87082 | Zig:9    | Killed Gishoal's ghost
 87083 | Zig:9    | Killed Ahek's ghost
 87129 | Zig:9    | Identified the +5 dire flail "Peatesch" {flame, Fragile Fly
                  | Dex+3}
 87169 | Zig:10   | Entered Level 10 of a ziggurat
 87234 | Zig:10   | Identified the amulet "Qybuxis" {RegenMP +Inv rElec rC++
                  | Int-3}
 87250 | Zig:10   | Identified the +1 pair of gloves "Munum" {Fly rPois rC+
                  | Str-5}
 87257 | Zig:10   | Identified the +8 arbalest "Death Rattle" {drain, rC++}
 87297 | Zig:11   | Entered Level 11 of a ziggurat
 87306 | Zig:11   | Noticed Saonuxt's ghost (legendary DsFi)
 87313 | Zig:11   | Killed Saonuxt's ghost
 87418 | Zig:11   | Identified the ring of the Okapi {rF+++ rC++ MP+9 Str-4
                  | Stlth+}
 87433 | Zig:11   | Identified the +10 broad axe "Yfippe" {venom, rElec Str+4}
 87453 | Zig:11   | Learned a level 9 spell: Death's Door
 87464 | Zig:12   | Entered Level 12 of a ziggurat
 87475 | Zig:12   | Reached skill level 5 in Throwing
 87475 | Zig:12   | Found the +8 whip "Snakebite" {venom, curare, rPois}
 87503 | Zig:12   | Identified the amulet "Kiqoemp" {Reflect Harm +Blink rElec
                  | rC- SH+5}
 87527 | Zig:13   | Entered Level 13 of a ziggurat
 87574 | Zig:13   | Identified the +6 plate armour "Loygunaf" {-Tele rPois
                  | Dex+2 Stlth+}
 87634 | Zig:13   | Lost mutation: Your system is resistant to poisons. (rPois)
                  | [potion of mutation]
 87634 | Zig:13   | Gained mutation: Your mind is acute. (Int +4, Str/Dex -1)
                  | [potion of mutation]
 87634 | Zig:13   | Gained mutation: You have very sharp teeth. [potion of
                  | mutation]
 87635 | Zig:13   | Lost mutation: Your mind is acute. (Int +4, Str/Dex -1)
                  | [potion of mutation]
 87635 | Zig:13   | Lost mutation: You have very sharp teeth. [potion of
                  | mutation]
 87635 | Zig:13   | Gained mutation: You passively map a small area around you.
                  | [potion of mutation]
 87635 | Zig:13   | Gained mutation: You have very sharp teeth. [potion of
                  | mutation]
 87636 | Zig:13   | Lost mutation: You passively map a small area around you.
                  | [potion of mutation]
 87636 | Zig:13   | Lost mutation: You have very sharp teeth. [potion of
                  | mutation]
 87636 | Zig:13   | Gained mutation: You have hidden genetic potential. [potion
                  | of mutation]
 87636 | Zig:13   | Gained mutation: You are weak. (Str -2) [potion of
                  | mutation]
 87636 | Zig:13   | Lost mutation: You are weak. (Str -2) [potion of mutation]
 87636 | Zig:13   | Gained mutation: Your muscles are strong. (Str +4, Int/Dex
                  | -1) [potion of mutation]
 87637 | Zig:13   | Lost mutation: You have hidden genetic potential. [potion
                  | of mutation]
 87637 | Zig:13   | Lost mutation: Your muscles are strong. (Str +4, Int/Dex
                  | -1) [potion of mutation]
 87637 | Zig:13   | Gained mutation: You are vulnerable to cold. (rC-) [potion
                  | of mutation]
 87637 | Zig:13   | Gained mutation: You are strong-willed. (Will+) [potion of
                  | mutation]
 87638 | Zig:13   | Lost mutation: You are vulnerable to cold. (rC-) [potion of
                  | mutation]
 87638 | Zig:13   | Lost mutation: You are strong-willed. (Will+) [potion of
                  | mutation]
 87638 | Zig:13   | Gained mutation: You are occasionally teleported next to
                  | monsters. [potion of mutation]
 87639 | Zig:13   | Lost mutation: You are occasionally teleported next to
                  | monsters. [potion of mutation]
 87639 | Zig:13   | Gained mutation: You are agile. (Dex +4, Str/Int -1)
                  | [potion of mutation]
 87639 | Zig:13   | Gained mutation: You are robust. (+10% HP) [potion of
                  | mutation]
 87639 | Zig:13   | Gained mutation: You are very agile. (Dex +8, Str/Int -2)
                  | [potion of mutation]
 87639 | Zig:13   | Gained mutation: You expend magic power (3 MP) to
                  | strengthen your wands. [potion of mutation]
 87675 | Zig:14   | Entered Level 14 of a ziggurat
 87687 | Zig:14   | Reached skill level 10 in Throwing
 87709 | Zig:14   | Identified the +11 trident of Compulsion {heavy, rPois}
 87765 | Zig:15   | Entered Level 15 of a ziggurat
 87765 | Zig:15   | Noticed a dread lich
 87769 | Zig:15   | Killed a dread lich
 87998 | Zig:15   | Identified the +10 hand axe of Equilibrium {elec, Fragile
                  | rElec rCorr Str+3}
 88030 | Zig:15   | Identified the +2 leather armour "Loliatz" {rN+ MP+9 Str+2
                  | SInv}
 88050 | Zig:16   | Entered Level 16 of a ziggurat
 88159 | Zig:16   | Identified the amulet "Dogebud" {Faith Harm +Inv rC+ Dex+3
                  | Stlth-}
 88191 | Zig:17   | Entered Level 17 of a ziggurat
 88198 | Zig:17   | Noticed a dread lich
 88202 | Zig:17   | Noticed an ancient lich
 88203 | Zig:17   | Killed a dread lich
 88205 | Zig:17   | Killed an ancient lich
 88225 | Zig:17   | Found the ring of Shadows {Umbra +Inv Stlth+}
 88253 | Zig:17   | Identified the +0 ring mail "Kymmura" {Slay+4}
 88260 | Zig:17   | Identified the +1 leather armour of Enormous Leaves {Contam
                  | rElec Regen+}
 88297 | Zig:18   | Entered Level 18 of a ziggurat
 88307 | Zig:18   | Noticed a dread lich
 88311 | Zig:18   | Killed a dread lich
 88347 | Zig:18   | Identified the +8 great sword of the Leaping Fool {heavy,
                  | Will+ rCorr Str-2}
 88370 | Zig:18   | Identified the +7 glaive "Ahasuty" {freeze, rF+ rN+}
 88417 | Zig:19   | Entered Level 19 of a ziggurat
 88478 | Zig:19   | Found the +8 demon trident "Rift" {distort, reach+}
 88483 | Zig:19   | Identified the +7 arbalest of the Three Yaks {flame, Dex+3}
 88484 | Zig:19   | Identified the +6 battleaxe of the Tent {spect, Fragile
                  | MP+9 Dex+2}
 88492 | Zig:19   | Identified the amulet "Lavedwi" {Faith Str+3}
 88519 | Zig:19   | Identified the +9 dagger of Sowaq {venom, Dex+3}
 88552 | Zig:20   | Entered Level 20 of a ziggurat
 88569 | Zig:20   | Noticed Hem Jogo the pandemonium lord
 88585 | Zig:20   | Killed Hem Jogo the pandemonium lord
 88685 | Zig:20   | Found the dreamshard necklace {*Dream Drain}
 88691 | Zig:20   | Identified the ring "Uffautt" {*Slow rPois rN+ rCorr}
 88693 | Zig:20   | Identified the +3 leather armour "Esupac" {rN++ Int+2 Dex-4
                  | SInv}
 88724 | Zig:20   | Identified the +10 shortbow "Xaggavof" {antimagic, rPois
                  | rF+}
 88793 | Zig:21   | Entered Level 21 of a ziggurat
 88957 | Zig:21   | Acquired a manual of Hexes
 88958 | Zig:21   | Acquired a manual of Throwing
 88965 | Zig:21   | Identified the ring of Yschoklin {Fly rC++ rN+ rCorr Str-2}
 88966 | Zig:21   | Identified the +9 war axe of Ligusch {venom, rCorr Str+4
                  | Int+4 Dex+2}
 89022 | Zig:22   | Entered Level 22 of a ziggurat
 89150 | Zig:22   | Found the +5 Lochaber axe {reach-cleave, poleaxe, Drain}
 89158 | Zig:22   | Identified the amulet "Ruitz" {Spirit rPois Will- Str+2}
 89161 | Zig:22   | Identified the +6 hand axe "Famafeg" {speed, Str+3}
 89168 | Zig:22   | Identified the +5 great mace "Keopeth" {freeze, Str+6}
 89210 | Zig:23   | Entered Level 23 of a ziggurat
 89320 | Zig:23   | Identified the ring "Zehien" {rElec rCorr}
 89334 | Zig:23   | Identified the ring of Ifahip {rN+ MP+9}
 89340 | Zig:23   | Identified the +2 glaive of Uskayaw's Grace {flame,
                  | *Corrode rPois rF++ Stlth+}
 89402 | Zig:24   | Entered Level 24 of a ziggurat
 89414 | Zig:24   | Reached skill level 27 in Necromancy
 89427 | Zig:24   | Reached skill level 15 in Throwing
 89655 | Zig:24   | Identified the +1 spear "Zuxkupt" {freeze, rElec Str+4}
 89707 | Zig:25   | Entered Level 25 of a ziggurat
 89806 | Zig:25   | Found the ring of the Octopus King
 89813 | Zig:25   | Identified the +2 halberd of Intao {flame, Dex+2}
 89817 | Zig:25   | Identified the ring of Hepliaklqana's Regard {Fly AC+4
                  | Int+2 Slay-6}
 89819 | Zig:25   | Identified a ring of the Octopus King {Wiz HP+2 AC+2 EV+2
                  | SH+2}
 89831 | Zig:25   | Identified the +2 robe of Qammukha {Fly}
 89877 | Zig:26   | Entered Level 26 of a ziggurat
 89896 | Zig:26   | Noticed an ancient lich
 89898 | Zig:26   | Killed an ancient lich
 89950 | Zig:26   | Found the +1 robe of Vines {NoPotionHeal Regen++++}
 89962 | Zig:26   | Found the +8 frozen axe "Frostbite" {freeze, freezing
                  | cloud, *Noise Fly rC+}
 89982 | Zig:26   | Identified the +0 leather armour of Boxtune {Rampage +Blink
                  | rElec rN+ Int-2}
 89991 | Zig:26   | Identified the +11 hand axe of Charity {flame, rElec rF+++
                  | rN++ Str-4}
 90067 | Zig:27   | Entered Level 27 of a ziggurat
 90192 | Zig:27   | Identified the +7 war axe "Imakkec" {flame, *Rage rElec
                  | Str+4}
 90210 | Zig:27   | Identified the +1 pair of gloves "Pibb" {SInv Stlth+}
 90278 | Depths:3 | Learned a level 9 spell: Polar Vortex
 91214 | Tomb:1   | Entered Level 1 of the Tomb of the Ancients
 91676 | Tomb:1   | Noticed a royal mummy
 91678 | Tomb:1   | Killed a royal mummy
 91779 | Tomb:1   | Identified the ring of Doors {rC+ AC+4}
 92158 | Tomb:2   | Noticed a royal mummy
 92159 | Tomb:2   | Noticed a royal mummy
 92161 | Tomb:2   | Reached skill level 1 in Ice Magic
 92162 | Tomb:2   | Noticed a royal mummy
 92163 | Tomb:2   | Noticed a royal mummy
 92166 | Tomb:2   | Reached skill level 5 in Ice Magic
 92167 | Tomb:2   | Killed a royal mummy
 92168 | Tomb:2   | Killed a royal mummy
 92169 | Tomb:2   | Killed a royal mummy
 92504 | Tomb:2   | Killed a royal mummy
 92712 | Tomb:2   | Reached skill level 10 in Ice Magic
 93043 | Tomb:1   | Noticed a royal mummy
 93043 | Tomb:1   | Noticed a royal mummy
 93045 | Tomb:1   | Killed a royal mummy
 93049 | Tomb:1   | Killed a royal mummy
 93050 | Tomb:1   | Noticed a royal mummy
 93052 | Tomb:1   | Noticed a royal mummy
 93053 | Tomb:1   | Killed a royal mummy
 93058 | Tomb:1   | Killed a royal mummy
 93061 | Tomb:1   | Noticed a royal mummy
 93064 | Tomb:1   | Noticed a royal mummy
 93069 | Tomb:1   | Killed a royal mummy
 93072 | Tomb:1   | Killed a royal mummy
 93073 | Tomb:1   | Noticed a royal mummy
 93631 | Tomb:1   | Noticed a royal mummy
 93644 | Tomb:1   | Noticed a royal mummy
 93647 | Tomb:1   | Killed a royal mummy
 93647 | Tomb:1   | Noticed a royal mummy
 93650 | Tomb:1   | Killed a royal mummy
 93650 | Tomb:1   | Killed a royal mummy
 93678 | Tomb:1   | Noticed a royal mummy
 93682 | Tomb:1   | Killed a royal mummy
 93704 | Tomb:1   | Noticed a royal mummy
 93708 | Tomb:1   | Killed a royal mummy
 93725 | Tomb:1   | Noticed a royal mummy
 93727 | Tomb:1   | Killed a royal mummy
 93748 | Tomb:1   | Noticed a royal mummy
 93754 | Tomb:1   | Killed a royal mummy
 93756 | Tomb:1   | Killed a royal mummy
 93764 | Tomb:1   | Noticed a royal mummy
 93766 | Tomb:1   | Killed a royal mummy
 93826 | Tomb:1   | Noticed a royal mummy
 93829 | Tomb:1   | Killed a royal mummy
 93830 | Tomb:1   | Noticed a royal mummy
 93833 | Tomb:1   | Killed a royal mummy
 93899 | Tomb:1   | Noticed a royal mummy
 93901 | Tomb:1   | Killed a royal mummy
 93902 | Tomb:1   | Noticed a royal mummy
 93905 | Tomb:1   | Killed a royal mummy
 93906 | Tomb:1   | Noticed a royal mummy
 93906 | Tomb:1   | Noticed a royal mummy
 93913 | Tomb:1   | Killed a royal mummy
 93913 | Tomb:1   | Killed a royal mummy
 93916 | Tomb:1   | Noticed a royal mummy
 93920 | Tomb:1   | Killed a royal mummy
 93969 | Tomb:1   | Noticed a royal mummy
 93972 | Tomb:1   | Killed a royal mummy
 94020 | Tomb:2   | Reached skill level 15 in Ice Magic
 94285 | Tomb:3   | Entered Level 3 of the Tomb of the Ancients
 94291 | Tomb:3   | Noticed a royal mummy
 94294 | Tomb:3   | Noticed a royal mummy
 94295 | Tomb:3   | Killed a royal mummy
 94298 | Tomb:3   | Noticed a royal mummy
 94301 | Tomb:3   | Killed a royal mummy
 94303 | Tomb:3   | Killed a royal mummy
 94368 | Tomb:3   | Noticed a royal mummy
 94373 | Tomb:3   | Killed a royal mummy
 94412 | Tomb:3   | Noticed a royal mummy
 94415 | Tomb:3   | Killed a royal mummy
 94422 | Tomb:3   | Noticed a royal mummy
 94425 | Tomb:3   | Killed a royal mummy
 94446 | Tomb:3   | Killed a royal mummy
 94536 | Tomb:3   | Noticed a royal mummy
 94539 | Tomb:3   | Killed a royal mummy
 94854 | Tomb:3   | Got a golden rune of Zot
 94965 | Tomb:3   | Identified the +6 arbalest "Loopy" {flame, Fragile rC+
                  | Str+2 Int+2}
 95028 | Tomb:3   | Identified the +1 ring mail of Supple Strength {Rampage
                  | +Blink Dex+4}
 95115 | Tomb:3   | Identified the +2 flail of Jyuray {spect, rF+}
 95118 | Tomb:3   | Identified the ring "Rudes" {rElec rF+}
 95121 | Tomb:3   | Identified the +8 quarterstaff "Extaej" {vamp, rN+ Str+4
                  | Int-5 Dex+4}
 95123 | Tomb:3   | Identified the +2 rapier "Acucw" {freeze, +Blink}
 95142 | Tomb:3   | Identified the +1 scale mail "Weaf" {Rampage Will+ Str+3}
 95148 | Tomb:3   | Identified the +3 great sword "Leug Jea" {venom, Str+2
                  | Int-5 Dex+3 SInv}
 95542 | Depths:1 | Upgraded the game from 0.30-a0-626-gd6a5dd7a1f to
                  | 0.30-a0-627-gc11e7ae810
 95657 | Tar:1    | Entered Level 1 of Tartarus
 95799 | Tar:2    | You fall into a shaft and drop 1 floor!
 96526 | Tar:7    | Entered Level 7 of Tartarus
 96621 | Tar:7    | Noticed an ancient lich
 96623 | Tar:7    | Killed an ancient lich
 96628 | Tar:7    | Noticed an ancient lich
 96631 | Tar:7    | Killed an ancient lich
 96729 | Tar:7    | Noticed an ancient lich
 96732 | Tar:7    | Killed an ancient lich
 96763 | Tar:7    | Noticed Ereshkigal
 96767 | Tar:7    | Killed Ereshkigal
 96808 | Tar:7    | Got a bone rune of Zot
 96983 | Tar:7    | Got Sif Muna's Omnibus of Rallying
 97118 | Coc:1    | Entered Level 1 of Cocytus
 97311 | Coc:2    | Reached skill level 1 in Long Blades
 97392 | Coc:3    | You fall into a shaft and drop 1 floor!
 97404 | Coc:4    | Reached skill level 5 in Long Blades
 97604 | Coc:7    | Entered Level 7 of Cocytus
 97604 | Coc:7    | Noticed an ancient lich
 97606 | Coc:7    | Killed an ancient lich
 97693 | Coc:7    | Reached skill level 10 in Long Blades
 97962 | Coc:7    | Noticed the Serpent of Hell
 97965 | Coc:7    | Killed the Serpent of Hell
 98120 | Coc:7    | Noticed Antaeus
 98127 | Coc:7    | Killed Antaeus
 98189 | Coc:7    | Got an icy rune of Zot
 99202 | Dis:1    | Entered Level 1 of the Iron City of Dis
 99368 | Dis:1    | Reached skill level 15 in Long Blades
101308 | Dis:7    | Entered Level 7 of the Iron City of Dis
102400 | Dis:7    | Noticed a juggernaut
102404 | Dis:7    | Killed a juggernaut
103117 | Dis:7    | Noticed a dread lich
103124 | Dis:7    | Killed a dread lich
103252 | Dis:7    | Noticed an ancient lich
103255 | Dis:7    | Killed an ancient lich
103461 | Dis:7    | Noticed a juggernaut
103465 | Dis:7    | Killed a juggernaut
103475 | Dis:7    | Found the +4 staff of Dispater
103475 | Dis:7    | Noticed Dispater
103482 | Dis:7    | Killed Dispater
103525 | Dis:7    | Got an iron rune of Zot
103526 | Dis:7    | Identified the +7 lajatang "Nadocw" {venom, *Noise +Blink
                  | rN+ Dex+3}
103527 | Dis:7    | Identified the +4 cloak of Skepticism {Str+4}
103671 | Geh:1    | Entered Level 1 of Gehenna
104628 | Geh:6    | Noticed a dread lich
104629 | Geh:6    | Paralysed by a dread lich for 2 turns
104632 | Geh:6    | Killed a dread lich
104804 | Geh:7    | Entered Level 7 of Gehenna
105230 | Geh:7    | Reached skill level 27 in Dodging
105250 | Geh:7    | Found the +7 sceptre of Asmodeus
105250 | Geh:7    | Noticed Asmodeus
105259 | Geh:7    | Killed Asmodeus
105748 | Geh:7    | Got an obsidian rune of Zot
105752 | Geh:7    | Identified the ring of Arumic {Fly Dex+3}
105754 | Geh:7    | Identified the +8 arbalest of the Crawling Thing {penet,
                  | rPois Int+3}
106125 | Depths:3 | Voluntarily entered the Abyss.
106171 | Abyss:1  | Found a corrupted altar of Lugonu.
106211 | Abyss:1  | Found a corrupted altar of Lugonu.
106313 | Abyss:3  | Found a corrupted altar of Lugonu.
106347 | Abyss:3  | Found a bloodstained altar of Trog.
106462 | Abyss:3  | Found a corrupted altar of Lugonu.
106511 | Abyss:3  | Paralysed by accursed screaming for 1 turns
106524 | Abyss:3  | Got an abyssal rune of Zot
106691 | Abyss:3  | Gained mutation: You occasionally shout uncontrollably at
                  | your foes. [a neqoxec]
106788 | Abyss:3  | Found a corrupted altar of Lugonu.
106858 | Abyss:3  | Reached skill level 27 in Fighting
106881 | Abyss:3  | Found a corrupted altar of Lugonu.
106891 | Depths:3 | Escaped the Abyss
106892 | Depths:3 | Lost mutation: You expend magic power (3 MP) to strengthen
                  | your wands. [potion of mutation]
106892 | Depths:3 | Lost mutation: You are very agile. (Dex +8, Str/Int -2)
                  | [potion of mutation]
106892 | Depths:3 | Lost mutation: You are agile. (Dex +4, Str/Int -1) [potion
                  | of mutation]
106892 | Depths:3 | Gained mutation: You are dopey. (Int -2) [potion of
                  | mutation]
106892 | Depths:3 | Gained mutation: You are agile. (Dex +4, Str/Int -1)
                  | [potion of mutation]
106893 | Depths:3 | Lost mutation: You occasionally shout uncontrollably at
                  | your foes. [potion of mutation]
106893 | Depths:3 | Lost mutation: You are agile. (Dex +4, Str/Int -1) [potion
                  | of mutation]
106893 | Depths:3 | Gained mutation: You are weak. (Str -2) [potion of
                  | mutation]
106893 | Depths:3 | Gained mutation: You occasionally lose the ability to drink
                  | potions when taking damage. [potion of mutation]
106893 | Depths:3 | Gained mutation: You have sharp fingernails. [potion of
                  | mutation]
106893 | Depths:3 | Gained mutation: You expend magic power (3 MP) to
                  | strengthen your wands. [potion of mutation]
106894 | Depths:3 | Lost mutation: You are robust. (+10% HP) [potion of
                  | mutation]
106894 | Depths:3 | Lost mutation: You have sharp fingernails. [potion of
                  | mutation]
106894 | Depths:3 | Lost mutation: You occasionally lose the ability to drink
                  | potions when taking damage. [potion of mutation]
106894 | Depths:3 | Gained mutation: You are robust. (+10% HP) [potion of
                  | mutation]
106894 | Depths:3 | Gained mutation: You are partially covered in large bone
                  | plates. (SH +4) [potion of mutation]
106895 | Depths:3 | Lost mutation: You are dopey. (Int -2) [potion of mutation]
106895 | Depths:3 | Lost mutation: You expend magic power (3 MP) to strengthen
                  | your wands. [potion of mutation]
106895 | Depths:3 | Gained mutation: Your flesh is cold resistant. (rC+)
                  | [potion of mutation]
106896 | Depths:3 | Lost mutation: You are robust. (+10% HP) [potion of
                  | mutation]
106896 | Depths:3 | Lost mutation: Your flesh is cold resistant. (rC+) [potion
                  | of mutation]
106896 | Depths:3 | Lost mutation: You are partially covered in large bone
                  | plates. (SH +4) [potion of mutation]
106896 | Depths:3 | Gained mutation: You sometimes lose your temper in combat.
                  | [potion of mutation]
106896 | Depths:3 | Lost mutation: You sometimes lose your temper in combat.
                  | [potion of mutation]
106896 | Depths:3 | Gained mutation: Your spells are a little harder to cast,
                  | but a little more powerful. [potion of mutation]
106897 | Depths:3 | Lost mutation: You are weak. (Str -2) [potion of mutation]
106897 | Depths:3 | Lost mutation: Your spells are a little harder to cast, but
                  | a little more powerful. [potion of mutation]
106897 | Depths:3 | Gained mutation: Your system is resistant to poisons.
                  | (rPois) [potion of mutation]
106897 | Depths:3 | Gained mutation: Your mind is acute. (Int +4, Str/Dex -1)
                  | [potion of mutation]
106898 | Depths:3 | Lost mutation: Your system is resistant to poisons. (rPois)
                  | [potion of mutation]
106898 | Depths:3 | Lost mutation: Your mind is acute. (Int +4, Str/Dex -1)
                  | [potion of mutation]
106898 | Depths:3 | Gained mutation: Your spells are a little harder to cast,
                  | but a little more powerful. [potion of mutation]
106898 | Depths:3 | Gained mutation: Your spells are harder to cast, but more
                  | powerful. [potion of mutation]
106898 | Depths:3 | Gained mutation: You occasionally lose the ability to drink
                  | potions when taking damage. [potion of mutation]
106898 | Depths:3 | Gained mutation: Your mind is acute. (Int +4, Str/Dex -1)
                  | [potion of mutation]
106899 | Depths:3 | Lost mutation: Your mind is acute. (Int +4, Str/Dex -1)
                  | [potion of mutation]
106899 | Depths:3 | Lost mutation: Your spells are harder to cast, but more
                  | powerful. [potion of mutation]
106899 | Depths:3 | Gained mutation: You occasionally lose the ability to read
                  | scrolls when taking damage. [potion of mutation]
106900 | Depths:3 | Lost mutation: You occasionally lose the ability to read
                  | scrolls when taking damage. [potion of mutation]
106900 | Depths:3 | Lost mutation: Your spells are a little harder to cast, but
                  | a little more powerful. [potion of mutation]
106900 | Depths:3 | Gained mutation: Your mind is acute. (Int +4, Str/Dex -1)
                  | [potion of mutation]
106900 | Depths:3 | Gained mutation: You are resistant to electric shocks.
                  | (rElec) [potion of mutation]
106900 | Depths:3 | Gained mutation: Your flesh is cold resistant. (rC+)
                  | [potion of mutation]
106900 | Depths:3 | Gained mutation: You possess an exceptional clarity of
                  | mind. [potion of mutation]
106901 | Depths:3 | Lost mutation: You are resistant to electric shocks.
                  | (rElec) [potion of mutation]
106901 | Depths:3 | Lost mutation: Your flesh is cold resistant. (rC+) [potion
                  | of mutation]
106901 | Depths:3 | Gained mutation: You have hidden genetic potential. [potion
                  | of mutation]
106901 | Depths:3 | Lost mutation: You have hidden genetic potential. [potion
                  | of mutation]
106901 | Depths:3 | Gained mutation: You are vulnerable to heat. (rF-) [potion
                  | of mutation]
106902 | Depths:3 | Lost mutation: You occasionally lose the ability to drink
                  | potions when taking damage. [potion of mutation]
106902 | Depths:3 | Lost mutation: You possess an exceptional clarity of mind.
                  | [potion of mutation]
106902 | Depths:3 | Gained mutation: You are vulnerable to cold. (rC-) [potion
                  | of mutation]
106903 | Depths:3 | Lost mutation: You are vulnerable to cold. (rC-) [potion of
                  | mutation]
106903 | Depths:3 | Lost mutation: You are vulnerable to heat. (rF-) [potion of
                  | mutation]
106903 | Depths:3 | Lost mutation: Your mind is acute. (Int +4, Str/Dex -1)
                  | [potion of mutation]
106903 | Depths:3 | Gained mutation: Your system is resistant to poisons.
                  | (rPois) [potion of mutation]
106904 | Depths:3 | Lost mutation: Your system is resistant to poisons. (rPois)
                  | [potion of mutation]
106904 | Depths:3 | Gained mutation: Your flesh is heat resistant. (rF+)
                  | [potion of mutation]
106904 | Depths:3 | Gained mutation: Your flesh is very heat resistant. (rF++)
                  | [potion of mutation]
106904 | Depths:3 | Gained mutation: You are occasionally teleported next to
                  | monsters. [potion of mutation]
106905 | Depths:3 | Lost mutation: Your flesh is very heat resistant. (rF++)
                  | [potion of mutation]
106905 | Depths:3 | Lost mutation: You are occasionally teleported next to
                  | monsters. [potion of mutation]
106905 | Depths:3 | Gained mutation: You passively map a small area around you.
                  | [potion of mutation]
106905 | Depths:3 | Gained mutation: Armour fits poorly on your strangely
                  | shaped body. [potion of mutation]
106905 | Depths:3 | Gained mutation: Your spells are a little harder to cast,
                  | but a little more powerful. [potion of mutation]
106905 | Depths:3 | Gained mutation: You are agile. (Dex +4, Str/Int -1)
                  | [potion of mutation]
106906 | Depths:3 | Lost mutation: Armour fits poorly on your strangely shaped
                  | body. [potion of mutation]
106906 | Depths:3 | Lost mutation: Your spells are a little harder to cast, but
                  | a little more powerful. [potion of mutation]
106906 | Depths:3 | Gained mutation: You are somewhat resistant to further
                  | mutation. [potion of mutation]
106906 | Depths:3 | Gained mutation: You possess an exceptional clarity of
                  | mind. [potion of mutation]
107380 | Vaults:2 | Learned a level 8 spell: Ignition
107550 | D:8      | Fell from the grace of Vehumet
107550 | D:8      | Became a worshipper of Gozag Ym Sagoz the Greedy
108611 | Zig:1    | Entered Level 1 of a ziggurat
108644 | Zig:2    | Entered Level 2 of a ziggurat
108671 | Zig:3    | Entered Level 3 of a ziggurat
108712 | Zig:3    | Identified the ring "Koeckip" {rN+ Str-4 Int+6 Slay+2}
108718 | Zig:4    | Entered Level 4 of a ziggurat
108720 | Zig:4    | Noticed Omoxose the pandemonium lord
108723 | Zig:4    | Killed Omoxose the pandemonium lord
108752 | Zig:4    | Identified the ring "Lafaseg" {Will+ Int+4}
108764 | Zig:5    | Entered Level 5 of a ziggurat
108771 | Zig:5    | Reached skill level 5 in Evocations
108811 | Zig:6    | Entered Level 6 of a ziggurat
108871 | Zig:7    | Entered Level 7 of a ziggurat
108964 | Zig:8    | Entered Level 8 of a ziggurat
109115 | Zig:8    | Identified the +1 glaive of Balance {flame, Dex+3}
109147 | Zig:9    | Entered Level 9 of a ziggurat
109153 | Zig:9    | Reached skill level 10 in Evocations
109219 | Zig:9    | Identified the ring of the Morning {Ice SInv}
109222 | Zig:9    | Identified the +7 short sword "Qanociuj" {flame, *Corrode
                  | rN+ Dex+4}
109272 | Zig:10   | Entered Level 10 of a ziggurat
109441 | Zig:10   | Identified the +3 shortbow of the Girdle {flame, Fragile
                  | +Blink Will- Stlth+}
109447 | Zig:10   | Identified the ring "Dunwogu" {Wiz rElec rCorr Str+2
                  | Stlth-}
109513 | Zig:11   | Entered Level 11 of a ziggurat
109605 | Zig:11   | Identified the +9 rapier "Vocvohit" {heavy, SInv}
109615 | Zig:11   | Identified the +0 robe of Dogmatism {rC+ Regen+ Str+2}
109620 | Zig:11   | Identified the +2 robe of Glamorous the Leaf {rCorr Dex+2
                  | Stlth+}
109628 | Zig:11   | Identified the +5 leather armour of Oleivadi {Will+ Str+3
                  | Dex+3}
109630 | Zig:11   | Identified the ring of the Insatiable Demons {+Blink Fly
                  | rN+ Dex-2 SInv}
109689 | Zig:12   | Entered Level 12 of a ziggurat
109821 | Zig:12   | Identified the +8 quarterstaff of Severance {speed, rC+}
109848 | Zig:12   | Identified the ring "Ceitaiti" {Ice Will+}
109895 | Zig:13   | Entered Level 13 of a ziggurat
109905 | Zig:13   | Reached skill level 15 in Evocations
110074 | Zig:13   | Identified the +2 buckler of Circular Logic {Str+4 Dex+3}
110089 | Zig:13   | Identified the +2 pair of gloves "Ededdouh" {Str+4}
110134 | Zig:14   | Entered Level 14 of a ziggurat
110148 | Zig:14   | Noticed Ahek's ghost (legendary GnTm)
110148 | Zig:14   | Noticed Ahek's ghost (legendary GnTm)
110149 | Zig:14   | Noticed Ereufydu's ghost (legendary VSGl)
110149 | Zig:14   | Noticed Xiorchab's ghost (legendary VSFi)
110150 | Zig:14   | Killed Ereufydu's ghost
110150 | Zig:14   | Killed Ahek's ghost
110150 | Zig:14   | Noticed Gishoal's ghost (legendary KoBr)
110150 | Zig:14   | Noticed Saonuxt's ghost (legendary DsFi)
110151 | Zig:14   | Noticed Gyofeun's ghost (legendary FoFi)
110152 | Zig:14   | Killed Ahek's ghost
110152 | Zig:14   | Killed Xiorchab's ghost
110153 | Zig:14   | Noticed Poybuibi's ghost (veteran MiMo)
110153 | Zig:14   | Found the +7 lajatang of Order {silver, rMut}
110154 | Zig:14   | Killed Saonuxt's ghost
110155 | Zig:14   | Killed Gishoal's ghost
110159 | Zig:14   | Killed Gyofeun's ghost
110159 | Zig:14   | Killed Poybuibi's ghost
110380 | Zig:14   | Identified the -1 cloak of Emnixuf {rElec rPois Int+3
                  | Stlth+}
110466 | Zig:15   | Entered Level 15 of a ziggurat
110473 | Zig:15   | Noticed an orb of fire
110488 | Zig:15   | Noticed an orb of fire
110490 | Zig:15   | Noticed an orb of fire
110490 | Zig:15   | Noticed an orb of fire
110492 | Zig:15   | Killed an orb of fire
110492 | Zig:15   | Noticed an orb of fire
110492 | Zig:15   | Noticed an orb of fire
110493 | Zig:15   | Killed an orb of fire
110493 | Zig:15   | Killed an orb of fire
110494 | Zig:15   | Noticed an orb of fire
110494 | Zig:15   | Noticed an orb of fire
110495 | Zig:15   | Killed an orb of fire
110495 | Zig:15   | Killed an orb of fire
110498 | Zig:15   | Killed an orb of fire
110498 | Zig:15   | Killed an orb of fire
110500 | Zig:15   | Killed an orb of fire
110720 | Zig:15   | Identified the +2 pair of gloves of Wasted Space {rF+
                  | Str+3}
110723 | Zig:15   | Identified the +4 ring mail "Suahum" {rF+}
110754 | Zig:16   | Entered Level 16 of a ziggurat
110939 | Zig:16   | Identified the amulet of Yrraddu {rElec Will+++ Regen+
                  | Dex-5 Stlth+}
110947 | Zig:16   | Identified the +1 glaive of Enaown {pain, Int+8 Dex+2}
110962 | Zig:16   | Identified the +0 scale mail "Neatoofo" {rC++ rN+ Int+4}
110970 | Zig:17   | Entered Level 17 of a ziggurat
110984 | Zig:17   | Noticed a dread lich
110997 | Zig:17   | Killed a dread lich
111265 | Zig:17   | Identified the +12 plate armour of the Writhing Gods {-Cast
                  | rCorr Slay+2 Stlth+}
111288 | Zig:18   | Entered Level 18 of a ziggurat
111486 | Zig:18   | Identified the +5 scale mail of Hurpheha {rF+}
111501 | Zig:18   | Identified the +1 ring mail "Pabrisoith" {+Blink rC- SInv}
111512 | Zig:18   | Identified the +11 trident of Otaun {freeze, rPois rN+++
                  | MP+9 Int-4}
111587 | Zig:19   | Entered Level 19 of a ziggurat
111684 | Zig:19   | Identified the +2 demon blade of Haolis Hiumo {flame,
                  | *Noise Str+3 Stlth+}
111693 | Zig:19   | Identified the ring "Painouci" {AC+4 Str+6 Dex+3 Slay+2}
111697 | Zig:19   | Identified the +4 fire dragon scales of Wutitt {-Tele rF++
                  | rC- Int+4 Slay+3}
111704 | Zig:19   | Identified the +14 plate armour of Quantum Leap {rC+ Will+}
111722 | Zig:19   | Identified the +4 battleaxe "Sealuvye" {freeze, rElec rCorr
                  | MP+9}
111821 | Zig:19   | Identified the +3 spear of Ragnarok {drain, rElec Str+3
                  | Dex+4 Stlth-}
111854 | Zig:20   | Entered Level 20 of a ziggurat
111882 | Zig:20   | Reached skill level 27 in Spellcasting
112126 | Zig:20   | Identified the +1 short sword "Mihan" {freeze, rF+}
112134 | Zig:20   | Identified the +6 battleaxe of Zytoon {heavy, rF- rC+
                  | Dex+6}
112138 | Zig:20   | Identified the ring of Riorirgh {rC+ rN+}
112149 | Zig:20   | Identified the +8 short sword "Xotasiq" {freeze, Contam
                  | rElec Str+3}
112204 | Zig:21   | Entered Level 21 of a ziggurat
112282 | Zig:21   | Identified the +10 arbalest of Gallantry {heavy, Str+5}
112289 | Zig:21   | Identified the +0 shadow dragon scales of Complete
                  | Protection {rElec Will+ Str-4 Int+2 Stlth++++}
112290 | Zig:21   | Identified the +0 robe "Muxkaice" {Regen+ Str+3 Int-2}
112291 | Zig:21   | Identified the +7 morningstar of Hoasoxu {freeze, +Blink
                  | rF- Str+8}
112293 | Zig:21   | Identified the ring "Nushre" {Fly rF+ rC+ Dex+6 Stlth+}
112298 | Zig:21   | Identified the +4 spear "Ocaoxtul" {venom, Fragile rElec
                  | rC+++}
112320 | Zig:21   | Identified the ring "Abelle" {rElec rPois rC+ EV+5}
112635 | Zig:22   | Entered Level 22 of a ziggurat
113115 | Zig:22   | Found the +3 hat of Pondering {ponderous, Will+ MP+10
                  | Int+5}
113255 | Zig:22   | Identified the ring of Hucohof {rF+ Str+4 Dex+6}
113258 | Zig:22   | Identified the ring "Emedeff" {rN+ Str+4 Dex+4}
113272 | Zig:22   | Identified the ring "Dithonte" {rC++ AC+4 Int+5 Dex-3}
113282 | Zig:22   | Identified the +4 hand axe of Conservatism {spect, rCorr}
113438 | Zig:23   | Entered Level 23 of a ziggurat
113538 | Zig:23   | Identified the +10 mace of Laomy {flame, rPois}
113553 | Zig:23   | Identified the ring of Ripsemmaj {rPois rC+ rN+ Dex+2
                  | Stlth-}
113798 | Zig:24   | Entered Level 24 of a ziggurat
113916 | Zig:24   | Identified the +0 halberd of Nomuch {flame, rPois rF++ rN+
                  | Will-}
113918 | Zig:24   | Identified the +4 rapier of Disgust {venom, Will++ Int+4
                  | Dex-5}
113981 | Zig:24   | Identified the +9 broad axe of the Hummingbird {protect,
                  | rC+ Will+ Int+4}
113996 | Zig:24   | Identified the +0 quarterstaff "Qicushro" {spect, Contam
                  | rC+ Will- Int+8}
114058 | Zig:25   | Entered Level 25 of a ziggurat
114087 | Zig:25   | Reached skill level 27 in Evocations
114165 | Zig:25   | Found the +7 mace of Variability {chaos, chain chaos}
114333 | Zig:25   | Identified the +8 plate armour of a ziggurat {Harm rElec
                  | rC- Str+6}
114334 | Zig:25   | Identified the +10 hand axe of Proximity {elec, Int+3
                  | Dex-4}
114347 | Zig:25   | Identified the ring of Cheibriados's Grace {rPois rCorr
                  | Str-5 SInv Stlth+}
114356 | Zig:25   | Identified the +2 plate armour "Anosiow" {rF+ Stlth+}
114363 | Zig:25   | Identified the +6 war axe of Wu Jian's Hope {heavy, rF+ rC+
                  | Will-}
114436 | Zig:26   | Entered Level 26 of a ziggurat
114454 | Zig:26   | Noticed a juggernaut
114458 | Zig:26   | Killed a juggernaut
114461 | Zig:26   | Noticed a juggernaut
114461 | Zig:26   | Noticed a juggernaut
114462 | Zig:26   | Noticed a juggernaut
114463 | Zig:26   | Killed a juggernaut
114463 | Zig:26   | Noticed a juggernaut
114464 | Zig:26   | Noticed a juggernaut
114464 | Zig:26   | Killed a juggernaut
114464 | Zig:26   | Killed a juggernaut
114465 | Zig:26   | Killed a juggernaut
114465 | Zig:26   | Killed a juggernaut
114467 | Zig:26   | Noticed a juggernaut
114467 | Zig:26   | Noticed a juggernaut
114467 | Zig:26   | Noticed a juggernaut
114469 | Zig:26   | Killed a juggernaut
114471 | Zig:26   | Noticed a juggernaut
114472 | Zig:26   | Killed a juggernaut
114472 | Zig:26   | Killed a juggernaut
114473 | Zig:26   | Killed a juggernaut
114489 | Zig:26   | Reached skill level 27 in Air Magic
114725 | Zig:26   | Reached skill level 27 in Conjurations
114890 | Zig:26   | Was forgiven by Vehumet
115087 | Zig:26   | Identified the +1 ring mail of the Bespelling Gods {rF+ rC-
                  | Dex+4}
115096 | Zig:26   | Identified the ring of Zirasaga {Wiz rPois rF- Stlth+}
115106 | Zig:26   | Identified the +7 short sword "Death Rattle" {holy, Fly
                  | rPois Will++ Dex-2}
115109 | Zig:26   | Identified the +9 great sword of the Chickpea {antimagic,
                  | Fly}
115115 | Zig:26   | Acquired the +2 Maxwell's thermic engine {flame, freeze}
115115 | Zig:26   | Found the +2 Maxwell's thermic engine {flame, freeze}
115118 | Zig:26   | Identified the +3 quarterstaff of Proximity {freeze, rElec
                  | rC+}
115215 | Zig:27   | Entered Level 27 of a ziggurat
115707 | Zig:27   | Found the ring of the Tortoise {AC+8}
115721 | Zig:27   | Identified the +6 hand axe of the Thing {protect, Drain
                  | Str+6}
115739 | Zig:27   | Identified the +10 war axe "With" {elec, rElec Dex+4}
116011 | Zot:5    | Got the Orb of Zot
116232 | Depths:1 | Reached skill level 15 in Shields
116364 | D:12     | Noticed Galaep the pandemonium lord
116366 | D:12     | Killed Galaep the pandemonium lord
116398 | D:10     | Noticed Teboabri the pandemonium lord
116398 | D:10     | Killed Teboabri the pandemonium lord
116561 | D:$      | Escaped with the Orb!

Illustrated notes ########## ......≈≈≈###### #.. #.~~~≈≈..$.# #... #...@≈≈....# #....##.~~≈≈≈....# .........≈≈≈.##..# ..........#[.## # ##...##...)...# #........#)..# ..........#..<# ..........#.### ###########.# ... .... Turn 9214 on D:9: Why do I always find Alchemist on a horned demonspawn????

.... .... ... #......# ..
##......## #.## #........#
..#####........# .
#.....#........#
#.##<....##......#
#.#......#..[...#
#.##.....[##@...# . .
#..##.......##''##....
.....................# ##
####.......)...[.....
#......)..###.#.## #.#.e.
#.......))#......# #.#...
####...).)..#.#..# #.#.).
#.##)##..#.#))####.##.#
#.##)...)..#.[##.......
........##.)###..#.....e..
...#.##.# .)# #..)..○...°.


Turn 53256 on Elf:2: Wow

Levels and vault maps discovered:
D:1:      dpeg_arrival_long_road, layout_basic, minmay_surrounded
D:2:      layout_loops_ring
D:3:      layout_rooms
D:4:      layout_loops_ring, minmay_temple_entry_hall, minmay_door_square,
          minmay_quadrilaterals
D:5:      layout_rooms, lightli_sewer_entry_pipes
D:6:      nicolae_BIG_FREAKIN_CUBE, layout_layer_cave, lemuel_crystal_altar,
          kennysheep_okawaru_gauntlet, ebering_ghost_reflecting_pool,
          kennysheep_generic_room_10
D:7:      layout_basic, mainiacjoe_overflow_alcove_1
D:8:      layout_loops_ring, mainiacjoe_overflow_cross_hatched,
          grunt_dithmenos_smoke_and_mirrors, nemelex_xobeh_ov_fountains_minmay,
          ebering_ghost_gozag, fountainhead, uniq_grum, uniq_joseph
D:9:      layout_stronghold, kennysheep_vampire_church, serial_shops, shop,
          nicolae_shop_waterfront, shop,
          nicolae_shop_temple_entry_statues_fountains, nicolae_square_shop,
          serial_glass, glass_columns_a, glass_columns_a
D:10:     layout_rooms, evilmike_ruin_ashenzari, dpeg_oklobed_lair,
          kennysheep_cluttered_room
D:11:     layout_roguey, zombieorc2_lemuel, corexii_hall_statues_i
D:12:     minmay_box_of_curves, layout_basic, portal_ice_cave_demonic_guard,
          vehumet_crystals
D:13:     layout_roguey
D:14:     layout_loops_cross, grunt_vaults_entry_fortified,
          small_statue_intersection, serial_shops, shop
D:15:     grunt_enter_depths_snipers, layout_basic, minmay_misc_feat_room,
          drop_trap, chequers_serial_rivers_small_b
Temple:   eino_temple_water
Lair:1:   layout_loops_ring, st_stairs_13, kennysheep_snail_temple,
          serial_bayou_shore_a, grunt_megastairs_4, uniq_urug, uniq_sonja
Lair:2:   wad_woods_minihive, layout_chaotic_city,
          minmay_shoals_entry_lonely_mermaid, dummy_spider_entry,
          gammafunk_ghost_grave, serial_bayou_pond_d,
          nicolae_quartered_pool_medium, minmay_lair_oklob_bushes
Lair:3:   layout_chaotic_city, grunt_megastairs_1
Lair:4:   layout_roguey, gauntlet_entry_generic, chequers_serial_rivers_small_b,
          lemuel_fruit_tree
Lair:5:   hangedman_lair_tendril_chambers, layout_loops_ring, slime_entry_1
Shoals:1: layout_shoals, uniq_roxanne
Shoals:2: cheibrodos_shoals_oceanic_diplomacy, layout_shoals, serial_shops,
          nicolae_diamond_shop, nicolae_shoals_siren_and_animal_friends,
          uniq_nikola, uniq_polyphemus
Shoals:3: layout_shoals, nicolae_shoals_enchanted_isle
Shoals:4: shoals_end_grunt_garden, layout_shoals
Spider:1: layout_spider_delve, nicolae_spider_nooks_and_crannies
Spider:2: layout_spider_delve, einodemon_crawler_minivault, uniq_jorgrun
Spider:3: layout_chambers
Spider:4: guppyfry_spider_rune
Slime:1:  layout_caves
Slime:2:  layout_caves, nicolae_slime_crime_time
Slime:3:  layout_caves, basic_altar
Slime:4:  layout_caves, uniq_dissolution
Slime:5
Orc:1:    layout_caves, lightli_volcano_entry_magma_tube, mines1_david
Orc:2:    st_orc_mages, layout_diamond_mine, gammafunk_ghost_necromancy,
          basic_altar, minmay_orc_treasury
Elf:1:    layout_loops_cross, serial_shops, shop, nicolae_shop_hallway_plus,
          nicolae_shop_crystal, gammafunk_ghost_grave, uniq_kirke
Elf:2:    nicolae_elf_blades_splatter_lattice
          [nicolae_blade_entry_splitting_headache], layout_loops_cross,
          nicolae_elf_martial_mastery, uniq_azrael
Elf:3:    elf_hall, layout_onion_city, mu_enter_wizlab_4,
          hangedman_elf_targetted_burst, uniq_asterion
Vaults:1: ploomutoo_gammafunk_ghost_potion_laboratory, v_alt_pattern_2,
          nicolae_vaults_network_star, dpeg_vaults_monster_box,
          nicolae_vaults_little_squares_2, v_misc_28,
          vaults_dpeg_emergency_exit, layout_vaults_omnigrid, serial_shops,
          bzr_entry_customers
Vaults:2: v_misc_28, v_rooms_2, v_misc_5, nicolae_vaults_ring_of_whatevers,
          hangedman_vaults_hard_town_square, v_misc_24, v_misc_11,
          ontoclasm_vaults_claustrophobia, vaults_dpeg_cross,
          vaults_dpeg_encased_lava, vaults_room_hallway, layout_vaults_ring
Vaults:3: gammafunk_ghost_wrathful_warriors, minmay_crypt_entry_simple_sparse,
          vaults_standard_mumra_x, nicolae_vaults_diagonal_hallway_7,
          vaults_dpeg_spiral, nicolae_vaults_meeting,
          vaults_room_stairs_pillars, nicolae_vaults_alarming,
          hangedman_vaults_capsules, v_pattern_1, grunt_vaults_hallway_short,
          vaults_room_hallway, grunt_vaults_diagonal,
          ontoclasm_vaults_loading_screen, layout_vaults_omnibox
Vaults:4: vaults_dpeg_hooks, ontoclasm_vaults_pinch, v_misc_33,
          ontoclasm_vaults_spin, v_misc_8, v_misc_30, v_pattern_4, v_misc_9,
          v_misc_2, ontoclasm_vaults_ring_square, grunt_vaults_hallway_short,
          v_misc_8, vaults_room_semicircle, layout_vaults_omnicross,
          serial_shops, shop, uniq_jory
Vaults:5
Crypt:1:  layout_rooms, uniq_margery
Crypt:2:  layout_catacombs
Crypt:3:  due_elkab, layout_chaotic_city, nicolae_tomb_entry_rubble_hallway,
          small_statue_intersection, uniq_khufu
Tomb:1
Tomb:2
Tomb:3
Depths:1: layout_roguey, rand_demon_pan_entry_1,
          grunt_hell_entry_demonic_statue, chequers_serial_rivers_room_a,
          dk_noncrumbling_2, st_stairs_12, kennysheep_doodads,
          water_boxes_lemuel
Depths:2: box_level_dp, pan_entry, hell_entry, uniq_aizul, uniq_mara
Depths:3: minmay_connected_triangles_in_corner, layout_gridlike,
          enter_ziggurat_d, basic_altar, nicolae_abyss_entry_one_way_or_another,
          hellmouth_3, hellmonk_scarab_ruin, infiniplex_staircase_squiggle
Depths:4: grunt_zot_entry_alcove, layout_honeycomb, hell_entry,
          hangedman_glass_teeth, pan_entry, lemuel_nasty_fountain,
          grunt_megastairs_3, serial_bayou_shore_b, uniq_sojobo
Hell
Dis:1:    layout_gridville, lemuel_dis_dragons
Dis:2:    layout_jigsaw, nicolae_dis_metal_lava_thing
Dis:3:    layout_gridville
Dis:4:    layout_subdivisions, nicolae_dis_distal_crystal
Dis:5:    layout_gridville, nicolae_dis_having_a_grate_time
Dis:6:    layout_overlapping_boxes, nrook_loot_triangle
Dis:7:    dis_st
Geh:1:    layout_gehenna_pools_basic, nicolae_hells_seeping_fissure
Geh:2:    layout_gehenna_pools_box
Geh:3:    layout_gehenna_pools_basic, door_vault
Geh:4:    layout_gehenna_lava_caves, nicolae_geh_lavax
Geh:5:    layout_gehenna_lava_caves
Geh:6:    layout_gehenna_lava_caves
Geh:7:    geh_grunt_pentagon
Coc:1:    layout_ice_bergs, nicolae_coc_melting_block
Coc:2:    layout_cocytus_water_paths, nicolae_coc_statues_of_limitations
Coc:3:    layout_cocytus_water_paths
Coc:4:    layout_cocytus_water_paths
Coc:5:    layout_cocytus_delve
Coc:6:    layout_cocytus_delve
Coc:7:    coc_grunt
Tar:1:    layout_grid_maze, nicolae_hells_seeping_fissure
Tar:2:    layout_grid_maze
Tar:3:    layout_cathedral_of_symmetry
Tar:4:    layout_grid_maze
Tar:5:    layout_honeycomb
Tar:6:    layout_grid_maze, nicolae_tar_cuneiform_two,
          nicolae_tar_cuneiform_heaven, nicolae_hells_fiendish_ambush
Tar:7:    tar_old
Zot:1:    layout_basic, basic_altar
Zot:2:    layout_twisted_circle
Zot:3:    layout_onion_interference, zot_minivault_1
Zot:4:    lemuel_draconian_sentries_small, layout_gridville
Zot:5:    layout_gridlike

Skill      XL: |  1  2  3  4  5  6  7  8  9 10 11 12 13 14 15 16 17 18 19 20 21 22 23 24 25 26 27 |
---------------+----------------------------------------------------------------------------------+-----
Conjurations   | 1 2 3 4 7 9 11 12 15 16 17 19 20 21 27 | 27.0
Spellcasting   | 2 3 4 6 8 9 10 11 15 16 18 20 22 27 | 27.0
Fighting       | 1 2 3 4 5 6 7 8 9 10 11 12 16 17 18 27 | 27.0
Maces & Flails | 1 2 5 7 |  7.1
Throwing       | 1 16 | 16.0
Hexes          | 2 4 5 6 8 9 |  9.0
Fire Magic     | 3 5 6 7 8 10 12 14 15 16 17 20 21 | 21.4
Translocations | 1 3 |  3.4
Dodging        | 7 10 11 12 13 14 27 | 27.0
Short Blades   | 3 6 |  6.0
Evocations     | 2 4 27 | 27.0
Necromancy     | 8 10 17 27 | 27.0
Staves         | 1 |  1.8
Transmutations | 1 10 | 10.7
Air Magic      | 27 | 27.0
Ice Magic      | 21 | 21.9
Long Blades    | 15 | 15.5
Shields        | 15 | 15.7
Armour         | |  0.2
Stealth        | |  1.0

Action                   |  1- 3 |  4- 6 |  7- 9 | 10-12 | 13-15 | 16-18 | 19-21 | 22-24 | 25-27 || total
-------------------------+-------+-------+-------+-------+-------+-------+-------+-------+-------++-------
Melee: Dagger            |    32 |       |       |       |       |       |       |       |       ||    32
       Mace              |    78 |    98 |   299 |    32 |       |       |       |       |       ||   507
       Headbutt          |       |     8 |    68 |    35 |    39 |     8 |     4 |    12 |    46 ||   220
       Whip              |       |       |    94 |   148 |   115 |       |       |       |       ||   357
       Rapier            |       |       |       |       |    59 |       |       |       |       ||    59
       Staff             |       |       |       |       |     3 |    18 |    18 |    23 |   158 ||   220
Throw: Dart              |       |       |    13 |       |       |       |       |       |       ||    13
       Javelin           |       |       |       |       |       |       |       |       |     8 ||     8
 Cast: Shock             |    15 |       |       |       |       |       |       |       |       ||    15
       Foxfire           |    34 |    51 |   148 |    53 |     2 |     1 |       |       |       ||   289
       Fulminant Prism   |       |       |       |   132 |    34 |     2 |       |       |       ||   168
       Iskenderun's Myst |       |       |       |    91 |   158 |    98 |   118 |    28 |    25 ||   518
       Fireball          |       |       |       |    38 |   234 |   191 |   179 |    45 |       ||   687
       Orb of Destructio |       |       |       |       |    98 |   225 |   142 |    37 |       ||   502
       Freezing Cloud    |       |       |       |       |     6 |    22 |    11 |    24 |       ||    63
       Irradiate         |       |       |       |       |     1 |       |       |       |     6 ||     7
       Yara's Violent Un |       |       |       |       |       |     2 |     1 |       |       ||     3
       Iron Shot         |       |       |       |       |       |       |       |   342 |  1369 ||  1711
       Spellforged Servi |       |       |       |       |       |       |       |    45 |   126 ||   171
       Fire Storm        |       |       |       |       |       |       |       |    28 |   410 ||   438
       Chain Lightning   |       |       |       |       |       |       |       |       |   546 ||   546
       Necromutation     |       |       |       |       |       |       |       |       |   155 ||   155
       Ignition          |       |       |       |       |       |       |       |       |    25 ||    25
       Polar Vortex      |       |       |       |       |       |       |       |       |    22 ||    22
       Blink             |       |       |       |       |       |       |       |       |    22 ||    22
       Maxwell's Capacit |       |       |       |       |       |       |       |       |     2 ||     2
       Death's Door      |       |       |       |       |       |       |       |       |     1 ||     1
Invok: Potion Petition   |       |       |       |       |       |       |       |       |     9 ||     9
 Abil: End Transformatio |       |       |       |       |       |       |       |       |    16 ||    16
Evoke: Wand              |       |       |       |     1 |     1 |       |       |     3 |    11 ||    16
       Figurine of a zig |       |       |       |       |       |       |       |       |     1 ||     1
  Use: Potion            |     1 |       |     2 |       |     3 |       |     4 |     1 |    75 ||    86
       Scroll            |       |       |     7 |     5 |    13 |     4 |     8 |     2 |    37 ||    76
 Stab: Sleeping          |     1 |     2 |     3 |     1 |       |       |       |       |       ||     7
       Distracted        |       |       |       |       |       |       |       |     1 |     1 ||     2
Armor: Leather armour    |    42 |    34 |   122 |    34 |       |       |    19 |    40 |   231 ||   522
       Steam dragon scal |       |       |       |    53 |       |       |       |       |       ||    53
       Robe              |       |       |       |     3 |    94 |    21 |     7 |       |       ||   125
Dodge: Dodged            |    43 |    79 |   367 |   187 |   167 |   111 |   121 |   135 |   743 ||  1953
Block: Buckler           |    35 |    24 |   106 |    56 |    63 |     6 |       |       |   269 ||   559
       Reflection        |       |       |       |       |       |       |       |       |    22 ||    22

Table legend: (Time is in decaauts)
 A = Elapsed time spent in this place.
 B = Non-inter-level travel time spent in this place.
 C = Inter-level travel time spent in this place.
 D = Time resting spent in this place.
 E = Time spent auto-exploring this place.
 F = Levels seen in this place.
 G = Mean time per level.
                   A        B        C        D        E       F      G
               +--------+--------+--------+--------+--------+-----+--------+
         Total | 117073 | 103036 |  14037 |  27516 |  44695 | 171 |  684.6 |
       Dungeon |  20681 |  16084 |   4597 |   3012 |   8185 |  15 | 1378.7 |
        Temple |    224 |    205 |     19 |      0 |    188 |   1 |  224.0 |
          Lair |   9759 |   8337 |   1422 |   2740 |   3489 |   5 | 1951.8 |
        Shoals |   6792 |   6234 |    558 |   2510 |   1959 |   4 | 1698.0 |
   Spider Nest |   6924 |   6274 |    650 |   2752 |   1875 |   4 | 1731.0 |
    Slime Pits |    496 |    356 |    140 |      0 |      8 |   5 |   99.2 |
  Orcish Mines |   3436 |   2450 |    986 |    571 |    944 |   2 | 1718.0 |
   Elven Halls |   6075 |   5447 |    628 |   2113 |   2207 |   3 | 2025.0 |
        Vaults |  10681 |   9458 |   1223 |   3155 |   3722 |   5 | 2136.2 |
         Crypt |   3775 |   3484 |    291 |    609 |   2193 |   3 | 1258.3 |
          Tomb |   4230 |   3944 |    286 |   1663 |   1569 |   3 | 1410.0 |
        Depths |   8518 |   6572 |   1946 |   1546 |   3660 |   4 | 2129.5 |
          Hell |    916 |    736 |    180 |    107 |    448 |   1 |  916.0 |
           Dis |   4396 |   4193 |    203 |   1695 |    935 |   7 |  628.0 |
       Gehenna |   2303 |   2091 |    212 |    621 |    659 |   7 |  329.0 |
       Cocytus |   2217 |   2097 |    120 |    620 |    891 |   7 |  316.7 |
      Tartarus |   1410 |   1387 |     23 |    311 |    468 |   7 |  201.4 |
           Zot |   6250 |   5702 |    548 |   1592 |   3024 |   5 | 1250.0 |
         Abyss |    926 |    926 |      0 |      0 |    112 |   4 |  231.5 |
   Pandemonium |   4344 |   4344 |      0 |    509 |    343 |  19 |  228.6 |
      Ziggurat |  10844 |  10844 |      0 |    898 |   7440 |  54 |  200.8 |
        Bazaar |    176 |    176 |      0 |      0 |     84 |   1 |  176.0 |
         Sewer |    434 |    434 |      0 |     78 |     26 |   1 |  434.0 |
      Ice Cave |    232 |    232 |      0 |    141 |      0 |   1 |  232.0 |
       Volcano |    433 |    433 |      0 |    235 |      0 |   1 |  433.0 |
        Wizlab |    348 |    348 |      0 |     34 |    154 |   1 |  348.0 |
      Gauntlet |    241 |    241 |      0 |      0 |    109 |   1 |  241.0 |
               +--------+--------+--------+--------+--------+-----+--------+

Top non-repeatable levels by time:
   Elf:3: 3118 daAuts
Depths:2: 2893 daAuts
   Orc:2: 2850 daAuts
Vaults:1: 2778 daAuts
    D:12: 2569 daAuts
  Lair:1: 2562 daAuts
Depths:1: 2545 daAuts
   Zot:5: 2391 daAuts
Vaults:2: 2382 daAuts
  Lair:5: 2362 daAuts
Vaults:3: 2353 daAuts
  Tomb:1: 2339 daAuts
   Dis:7: 2328 daAuts
  Lair:2: 2193 daAuts
Spider:1: 2048 daAuts
